 Dungeon Crawl Stone Soup version 0.31-a0-986-g5e6e4ef867 (webtiles) character file.

Game seed: 16628790169570935218

8392396 Skeral the Intangible (level 27, 193/193 HPs)
             Began as a Felid Delver on Nov 14, 2023.
             Was an Initiate of Gozag.
             Escaped with the Orb
             ... and 10 runes on Nov 16, 2023!
             The game lasted 06:00:54 (87783 turns).

Skeral the Intangible (Felid Delver)               Turns: 87783, Time: 06:00:54

Health: 193/193    AC: 38    Str: 21    XL:     27
Magic:  37/37      EV: 53    Int: 20    God:    Gozag
Gold:   15466      SH:  5    Dex: 28    Spells: 34/54 levels left
                                        Lives:  2   Deaths: 4

rFire   + .          .
                       - Unarmed
rCold   + . .        (shield unavailable)
rNeg    + . .        (body armour unavailable)
rPois   ∞            (helmet unavailable)
rElec   +            (cloak unavailable)
rCorr   .            (gloves unavailable)
SInv    +            (boots unavailable)
Will    +++++        r - amulet of the King {Reflect *Corrode Regen+ Dex+4 SH+5}
Stlth   ++++         W - ring "Lipsev" {rC+ Str+2 Int+4}
HPRegen 1.32/turn    N - ring of Codi {rF+ Will+ Int+4}
MPRegen 0.25/turn

%: random rage (3%), corrode self (3%), reflection
@: statue-form, very slow
A: slow and powerful, torment resistance 1, boosted hp, very small, claws 2,
fangs 3, see invisible, (speed 1), (shaggy fur 3), stealthy paws, no weapons or
thrown items, no armour, multi-lived, agile 1, berserk 1, low MP 1, strong 1,
teleportitis 1
0: Orb of Zot
}: 10/15 runes: decaying, serpentine, slimy, silver, abyssal, demonic, glowing,
magical, fiery, dark
a: Begin Untransformation, Renounce Religion, Potion Petition, Call Merchant,
Bribe Branch


You escaped.
You worshipped Gozag.
Gozag was extremely pleased with you.
You were a living statue of rough stone.
You visited 13 branches of the dungeon, and saw 57 of its levels.
You visited Pandemonium 1 time, and saw 17 of its levels.
You visited the Abyss 2 times.
You also visited: Trove, Gauntlet, Ice Cave and Wizlab.

You collected 47036 gold pieces.
You spent 5609 gold pieces at shops.
You paid 25961 gold pieces to Gozag.


Innate Abilities, Weirdness & Mutations

You are a living statue of rough stone.
Your actions are slow, but your melee attacks are powerful.
You are resistant to unholy torment.
Your maximum health is greatly increased.
You are immune to poison.
You have sharp claws.
You have razor-sharp teeth.
You have supernaturally acute eyesight. (SInv)
((You cover ground quickly. (Speed+)))
((Your thick and shaggy fur keeps you warm. (AC +3, rC+)))
Your paws help you pounce on unaware monsters.
You are incapable of wielding weapons or throwing items.
You cannot wear armour.
You gain extra lives every three experience levels.
You are agile. (Dex +4, Str/Int -1)
You sometimes lose your temper in combat.
Your magical capacity is low. (-10% MP)
Your muscles are strong. (Str +4, Int/Dex -1)
You are occasionally teleported next to monsters.


   Skills:
 O Level 27 Fighting
 O Level 27 Dodging
 O Level 27 Stealth
 O Level 27 Unarmed Combat
 + Level 14.0 Spellcasting
 + Level 21.0 Translocations
 - Level 4.0 Transmutations
 - Level 8.0 Air Magic
 - Level 8.0 Evocations
 O Level 27 Shapeshifting


You had 34 spell levels left.
You knew the following spells:

 Your Spells              Type           Power      Damage    Failure   Level
a - Apportation           Tloc           100%       N/A       0%          1
f - Manifold Assault      Tloc           78%        N/A       0%          4
l - Lesser Beckoning      Tloc           100%       N/A       0%          2
p - Passage of Golubria   Tloc           78%        N/A       0%          4
t - Teleport Other        Tloc           78%        N/A       0%          3
v - Vhi's Electric Charg  Tloc/Air       100%       N/A       1%          4
w - Wereblood             Tmut           30%        N/A       1%          2

Your spell library contained the following spells:

 Spells                   Type           Power      Damage    Failure   Level
 Blink                    Tloc           100%       N/A       0%          2
 Gell's Gravitas          Tloc           78%        N/A       0%          3
 Shock                    Conj/Air       100%       1d9       1%          1
 Sting                    Tmut/Pois      88%        1d7       1%          1
 Momentum Strike          Conj/Tloc      100%       3d10      1%          2
 Poisonous Vapours        Pois/Air       60%        N/A       1%          2
 Static Discharge         Conj/Air       60%        3-6/arc   1%          2
 Swiftness                Air            46%        N/A       1%          3
 Volatile Blastmotes      Fire/Tloc      100%       2d18      1%          3
 Airstrike                Air            23%        2d(4-20)  1%          4
 Iskenderun's Mystic Bla  Conj/Tloc      54%        2d12      1%          4
 Summon Forest            Summ/Tloc      27%        N/A       1%          5
 Dispersal                Tloc           39%        N/A       1%          6
 Passwall                 Tmut/Erth      18%        N/A       3%          2
 Foxfire                  Conj/Fire      56%        2x1d6     4%          1
 Freeze                   Ice            56%        1d7       4%          1
 Kiss of Death            Conj/Necr      56%        2d9       4%          1
 Magic Dart               Conj           56%        1d5       4%          1
 Necrotise                Necr           56%        1d6       4%          1
 Slow                     Hex            56%        N/A       4%          1
 Summon Small Mammal      Summ           56%        N/A       4%          1
 Mephitic Cloud           Conj/Pois/Air  24%        N/A       4%          3
 Disjunction              Tloc           39%        N/A       5%          8
 Call Imp                 Summ           28%        N/A       7%          2
 Ensorcelled Hibernation  Hex/Ice        28%        N/A       7%          2
 Jinxbite                 Hex            28%        N/A       7%          2
 Scorch                   Fire           28%        2d6       7%          2
 Searing Ray              Conj           28%        2d5       7%          2
 Ignite Poison            Fire/Tmut/Pois 19%        N/A       8%          3
 Summon Lightning Spire   Summ/Air       30%        N/A       9%          4
 Call Canine Familiar     Summ           14%        N/A       14%         3
 Dazzling Flash           Conj/Hex       28%        N/A       14%         3
 Frozen Ramparts          Ice            28%        1d5       14%         3
 Hailstorm                Conj/Ice       14%        3d5       14%         3
 Inner Flame              Hex/Fire       14%        N/A       14%         3
 Ozocubu's Armour         Ice            14%        N/A       14%         3
 Sigil of Binding         Hex            14%        N/A       14%         3
 Stone Arrow              Conj/Erth      28%        3d8       14%         3
 Summon Guardian Golem    Hex/Summ       14%        N/A       14%         3
 Tukima's Dance           Hex            14%        N/A       14%         3
 Vampiric Draining        Necr           14%        2d7       14%         3
 Petrify                  Tmut/Erth      22%        N/A       21%         4
 Arcjolt                  Conj/Air       15%        1d25      24%         5
 Silence                  Hex/Air        15%        N/A       24%         5
 Freezing Cloud           Conj/Ice/Air   12%        6-21      38%         5
 Flame Wave               Conj/Fire      14%        2d6       41%         4
 Fulminant Prism          Conj/Hex       7%         3d7       41%         4
 Leda's Liquefaction      Hex/Erth       7%         N/A       41%         4
 Olgreb's Toxic Radiance  Pois           14%        N/A       41%         4
 Sticky Flame             Conj/Fire      14%        2d4       41%         4
 Summon Ice Beast         Ice/Summ       14%        N/A       41%         4
 Malign Gateway           Summ/Tloc      27%        N/A       45%         7
 Alistair's Intoxication  Tmut/Pois      14%        N/A       50%         5
 Irradiate                Conj/Tmut      11%        3d15      50%         5
 Yara's Violent Unravell  Hex/Tmut       11%        3d6       50%         5
 Agony                    Necr           14%        N/A       77%         5
 Borgnjor's Vile Clutch   Necr/Erth      7%         N/A       77%         5
 Iskenderun's Battlesphe  Conj           14%        2d7       77%         5
 Lee's Rapid Deconstruct  Erth           7%         3d6*      77%         5
 Metabolic Englaciation   Hex/Ice        7%         N/A       77%         5
 Summon Mana Viper        Hex/Summ       14%        N/A       77%         5
 Conjure Ball Lightning   Conj/Air       15%        3x3d6     80%         6
 Plasma Beam              Fire/Air       15%        2x1d26    80%         6
 Bombard                  Conj/Erth      7%         9d2       100%        6
 Death Channel            Necr           7%         N/A       100%        6
 Starburst                Conj/Fire      7%         6d4       100%        6
 Summon Cactus Giant      Summ           7%         N/A       100%        6
 Enfeeble                 Hex            7%         N/A       100%        7
 Haunt                    Necr/Summ      7%         N/A       100%        7
 Monstrous Menagerie      Summ           7%         N/A       100%        7
 Ozocubu's Refrigeration  Ice            7%         4d9       100%        7
 Spellforged Servitor     Conj/Summ      7%         N/A       100%        7
 Borgnjor's Revivificati  Necr           7%         N/A       100%        8
 Discord                  Hex            7%         N/A       100%        8
 Ignition                 Fire           7%         3d4       100%        8
 Lehudib's Crystal Spear  Conj/Erth      7%         10d3      100%        8
 Maxwell's Capacitive Co  Air            23%        ∞         100%        8
 Summon Horrible Things   Summ           7%         N/A       100%        8
 Chain Lightning          Conj/Air       15%        3d20      100%        9
 Death's Door             Necr           7%         N/A       100%        9
 Fire Storm               Conj/Fire      7%         8d2       100%        9
 Polar Vortex             Ice            7%         N/A       100%        9
 Dimensional Bullseye     Hex/Tloc       Unusable   N/A       N/A         4
 Sublimation of Blood     Necr           Unusable   N/A       N/A         2
 Animate Armour           Summ/Erth      Unusable   N/A       N/A         4
 Animate Dead             Necr           Unusable   N/A       N/A         4
 Simulacrum               Ice/Necr       Unusable   N/A       N/A         6

Inventory:

Jewellery
 g - the ring "Ynel Vui" {rF+ rC- rN++ Will+ AC+4}
   (You found it on level 5 of the Pits of Slime)

   [ring of protection]

   AC+4:      It affects your AC (+4).
   rF+:       It protects you from fire.
   rC-:       It makes you vulnerable to cold.
   rN++:      It greatly protects you from negative energy.
   Will+:     It increases your willpower.
 h - the ring of the Middle {Will+ rCorr MP+9 Str+3}
   (You found it in a treasure trove)

   [ring of resist corrosion]

   Str+3:     It affects your strength (+3).
   Will+:     It increases your willpower.
   MP+9:      It affects your magic capacity (+9).
   rCorr:     It protects you from acid and corrosion.
 r - the amulet of the King (around neck) {Reflect *Corrode Regen+ Dex+4 SH+5}
   (You acquired it on level 3 of the Lair of Beasts)

   [amulet of reflection]

   Reflect:   It reflects blocked missile attacks.
   Dex+4:     It affects your dexterity (+4).
   Regen+:    It increases your rate of health regeneration.
   *Corrode:  It may corrode you when you take damage.
   SH+5:      It affects your SH (+5).
 C - the amulet of Vashrodwum {Spirit Rampage Drain Slay+2}
   (You found it on level 5 of the Vaults)

   [amulet of guardian spirit]

   Spirit:    It causes incoming damage to be divided between your reserves of
   health and magic.
   Slay+2:    It affects your accuracy & damage with ranged weapons and melee
   (+2).
   Drain:     It drains your maximum health when unequipped.
   Rampage:   It bestows one free step when moving towards enemies.
 D - the ring of the Countless Olives {Fly Will+ Stlth+}
   (You found it on level 2 of the Crypt)

   [ring of flight]

   Will+:     It increases your willpower.
   Fly:       It grants you flight.
   Stlth+:    It makes you more stealthy.
 I - the ring "Qanen" {rF+ rCorr Str+3}
   (You took it off a spriggan on level 5 of the Lair of Beasts)

   [ring of resist corrosion]

   Str+3:     It affects your strength (+3).
   rF+:       It protects you from fire.
   rCorr:     It protects you from acid and corrosion.
 J - the ring of Urrarig {rElec Str+6}
   (You found it in a treasure trove)

   [ring of strength]

   Str+6:     It affects your strength (+6).
   rElec:     It insulates you from electricity.
 K - the ring of Paranoia {Drain rPois rC+ Int+2 Dex+3}
   (You found it on level 3 of the Crypt)

   [ring of protection from cold]

   Int+2:     It affects your intelligence (+2).
   Dex+3:     It affects your dexterity (+3).
   rC+:       It protects you from cold.
   rPois:     It protects you from poison Drain: It drains your maximum health
   when unequipped.
 M - the ring "Esto" {EV+5 Str+3 Int-2 Dex+6}
   (You found it in a Gauntlet)

   [ring of evasion]

   EV+5:      It affects your evasion (+5).
   Str+3:     It affects your strength (+3).
   Int-2:     It affects your intelligence (-2).
   Dex+6:     It affects your dexterity (+6).
 N - the ring of Codi (right paw) {rF+ Will+ Int+4}
   (You found it in a treasure trove)

   [ring of willpower]

   Int+4:     It affects your intelligence (+4).
   rF+:       It protects you from fire.
   Will+:     It increases your willpower.
 R - the ring of Juodolat {rF+ Dex+6}
   (You found it in Pandemonium)

   [ring of dexterity]

   Dex+6:     It affects your dexterity (+6).
   rF+:       It protects you from fire.
 S - the ring of Ofuituvo {Will+ rCorr Stlth+}
   (You found it in Pandemonium)

   [ring of willpower]

   Will+:     It increases your willpower.
   rCorr:     It protects you from acid and corrosion.
   Stlth+:    It makes you more stealthy.
 U - the ring "Duitemom" {rElec Will+ Int+2}
   (You took it off a deep elf master archer on level 3 of the Elven Halls)

   [ring of willpower]

   Int+2:     It affects your intelligence (+2).
   rElec:     It insulates you from electricity.
   Will+:     It increases your willpower.
 W - the ring "Lipsev" (left paw) {rC+ Str+2 Int+4}
   (You found it on level 5 of the Vaults)

   [ring of protection from cold]

   Str+2:     It affects your strength (+2).
   Int+4:     It affects your intelligence (+4).
   rC+:       It protects you from cold.
 Y - the ring "Tigiligg" {+Blink rN+ EV+5}
   (You found it on level 5 of the Pits of Slime)

   [ring of evasion]

   EV+5:      It affects your evasion (+5).
   rN+:       It protects you from negative energy.
   +Blink:    It lets you blink.
Talismans
 f - a granite talisman (active)
   (You took it off Roxanne on level 2 of the Swamp)
 A - a dragon-blood talisman
   (You bought it in a shop on level 2 of the Lair of Beasts)
 Z - a talisman of death
   (You found it on level 5 of the Pits of Slime)
Wands
 e - a wand of digging (25)
 i - a wand of roots (62)
   (You found it on level 5 of the Dungeon)
 t - a wand of quicksilver (33)
   (You found it on level 5 of the Lair of Beasts)
 O - a wand of flame (146)
   (You found it on level 10 of the Dungeon)
Scrolls
 a - 19 scrolls of fog
 b - 3 scrolls of revelation
 c - 36 scrolls of teleportation {@r4}
 k - 11 scrolls of amnesia
 n - 7 scrolls of blinking {!r}
 s - 6 scrolls of butterflies
 w - 12 scrolls of immolation {!r!r}
 x - 8 scrolls of poison {!r}
 y - 8 scrolls of silence {!r}
 F - 17 scrolls of fear
 L - a scroll of torment {!r}
 Q - 10 scrolls of vulnerability {!r!r}
Potions
 d - 4 potions of haste {@q3}
 j - 4 potions of magic
 l - 27 potions of curing {@q1}
 m - 9 potions of resistance
 o - 8 potions of enlightenment
 p - 9 potions of invisibility
 q - 5 potions of mutation {!q}
 u - 3 potions of cancellation
 v - 8 potions of heal wounds {@q2}
 z - 5 potions of ambrosia
 B - 5 potions of lignification {!q}
 E - 6 potions of brilliance
 H - 9 potions of might
 P - 16 potions of attraction {!q}
Miscellaneous
 G - a sack of spiders
   (You found it on level 3 of the Lair of Beasts)
 V - a phantom mirror
   (You found it on level 12 of the Dungeon)

Dungeon Overview and Level Annotations

Branches:
Dungeon (15/15)            Temple (1/1) D:4            Lair (5/5) D:8
  Swamp (4/4) Lair:2        Snake (4/4) Lair:3        Slime (5/5) Lair:5
    Orc (2/2) D:10            Elf (3/3) Orc:2        Vaults (5/5) D:14
  Crypt (3/3) Vaults:3       Tomb (0/3) Crypt:3      Depths (4/4) D:15
   Hell (visited)             Dis (0/7) Hell            Geh (0/7) Hell
    Coc (0/7) Hell            Tar (0/7) Hell            Zot (5/5) Depths:4
  IceCv (visited)          WizLab (visited)         Gauntlet (visited)

Altars:
Ashenzari
Cheibriados
Dithmenos
Elyvilon
Fedhas
Gozag
Hepliaklqana
Kikubaaqudgha
Makhleb
Nemelex Xobeh
Okawaru
Qazlal
Ru
Sif Muna
Trog
Uskayaw
Vehumet
Wu Jian
Xom
Yredelemnul
Zin
The Shining One
Jiyva

Shops:
D:4 *   D:10 *   D:11 ?   D:13 ?   Orc:1 *[   Orc:2 =(*[:   Lair:2 =
Snake:1 ?   Snake:3 :==   Vaults:1 :   Vaults:2 [   Vaults:3 ?:=   Vaults:5 *
Depths:1 :

Portals:
Hell: Depths:1 Depths:2 Depths:3 Depths:4
Abyss: Depths:1 Depths:3 Depths:4
Pandemonium: Depths:2
Ziggurat: Depths:4

Annotations:
Depths:3 Mennas
Zot:2 1 runed translucent door, Sackuas's ghost, veteran OgBe
Zot:4 2 transporters, exclusion: obsidian statue

##...~≈~≈≈≈≈≈~≈≈≈≈~≈~≈≈≈≈~≈~....#
.....~≈≈≈≈≈≈≈≈≈≈≈≈≈≈≈≈≈≈≈≈≈~....+
##...~≈≈#+#+#≈≈≈≈≈≈≈#+#+#≈≈≈....#
##...~≈≈+...##+###+##..(+≈≈~...##
#....~~≈+...'.......'...+≈≈~...#
##...~~≈#+###.#####.###+#≈≈~...#
#....~≈≈≈#...#...#...+≈≈≈≈~...#
#..⌠..≈~~'.⌠.'...###.#≈≈≈≈≈...##
#..⌠..~≈~'.⌠.'.8.###.#≈≈≈≈~.....
#....≈≈≈≈#...#...#...'≈≈≈≈≈...#.
##...~≈≈#+#'#.#####.###'#≈≈~...#.
.....~≈≈+...#.......#...+≈≈~.....
.#...~≈≈+>..##+###+##.(.+≈≈~...##
.#...~≈≈#+#+#≈≈≈≈≈≈≈#+#+#≈≈≈...##
.....~≈≈≈≈≈≈≈≈≈≈≈≈≈≈≈≈≈≈≈≈≈~....[
##...~≈≈≈≈≈≈≈≈≈≈≈≈≈≈≈≈≈≈≈≈≈≈....#
#...~~~~~~~~~~~≈~~~~≈~~~~~~[...[


There were no monsters in sight!


Message History

😎 MP[+1]
You now have 15466 gold pieces (gained 20). 😎 MP[+1]
There is a stone staircase leading up here.
You feel yourself speed up.
You climb upwards.
There is a stone staircase leading down here.
There is an entrance to Sothilaa's Assorted Antiques here.
There is a stone staircase leading up here.
You climb upwards.
There is a stone staircase leading down, spattered with blood here.
Things that are here:
a +0 kite shield; a +0 scale mail; a +1 spear of venom
There is a stone staircase leading up here.
You climb upwards.
There is a stone staircase leading down here.
There is a stone staircase leading up here.
You climb upwards.
There is a stone staircase leading down, spattered with blood here.
Your extra speed is starting to run out.
A green death comes into view.
The green death roars! 😎 MP[+2]
Your mp is fully restored (37).
Aiming: Dig
Press: ? - help, Shift-Dir - straight line A rock wall.
This square is covered in magical glow.
The rock shatters into small pieces.
The green death gestures at you. The poison arrow misses you.
You feel yourself slow down. The green death gestures at you.
The bolt of poison misses you. The green death gestures at you.
The bolt of poison misses you. The green death gestures at you.
The poison arrow hits you but does no damage.
There is a stone staircase leading up, spattered with blood here.
The green death gestures at you. The poison arrow misses you.
The green death gestures at you. The blast of poison misses you.
You climb upwards.
There is a stone staircase leading down here.
A tormentor comes into view.
Casting: Manifold Assault (safe; 0% risk of failure)
Confirm with . or Enter, or press ? or * to list all spells.
Space momentarily warps into an impossible shape!
You eviscerate the tormentor!!!
You kill the tormentor! 😎 MP[-4]
You lost 4 mp, and now have 33/37 mp. 😎 MP[+1] 😎 MP[+1]
There is an escape hatch in the ceiling here.
A mysterious force pulls you upwards.
The hatch slams shut behind you. 😎 MP[+1]
Aiming: Dig
Press: ? - help, Shift-Dir - straight line You can't see that place. [a rock wall.]
The rock shatters into small pieces. 😎 MP[+1]
Your mp is fully restored (37).
There is a stone staircase leading up here.
You climb upwards.
There is a stone staircase leading down here.
There is a stone staircase leading up here.
You climb upwards.
There is a stone staircase leading down here.
A goblin comes into view. It is wielding a staff of cold.
You catch the helpless goblin completely off-guard!
You eviscerate the goblin!!!!!!
You kill the goblin!
You see here a +0 scale mail.
A tormentor comes into view.
There is a stone staircase leading up here.
Casting: Manifold Assault (safe; 0% risk of failure)
Confirm with . or Enter, or press ? or * to list all spells.
Space momentarily warps into an impossible shape!
You eviscerate the tormentor!!!!
You kill the tormentor!
Your Translocations skill increases to level 21! 😎 MP[-4]
You lost 4 mp, and now have 33/37 mp.
You climb upwards.
There is a stone staircase leading down here. 😎 MP[+1]
There is a stone staircase leading up here. 😎 MP[+1]
You climb upwards.
There is a stone staircase leading down here. 😎 MP[+1]
There is an open door here.
There is a large open door here.
There is a staircase leading out of the dungeon here. 😎 MP[+1]
Your mp is fully restored (37).
You have escaped!

Skill      XL: |  1  2  3  4  5  6  7  8  9 10 11 12 13 14 15 16 17 18 19 20 21 22 23 24 25 26 27 |
---------------+----------------------------------------------------------------------------------+-----
Stealth        | 7 8 12 27 | 27.0
Unarmed Combat | 3 8 9 10 12 13 15 18 19 20 21 22 23 24 27 | 27.0
Fighting       | 4 8 9 10 12 13 15 16 18 19 20 21 22 23 24 27 | 27.0
Dodging        | 7 8 10 13 14 20 22 23 24 27 | 27.0
Shapeshifting  | 2 3 6 10 12 16 17 18 19 20 22 23 27 | 27.0
Evocations     | 4 5 8 |  8.0
Translocations | 4 6 10 12 14 15 21 | 21.0
Spellcasting   | 3 4 6 7 8 14 | 14.0
Air Magic      | 5 8 |  8.0
Transmutations | 4 |  4.0

Action                     |  1- 3 |  4- 6 |  7- 9 | 10-12 | 13-15 | 16-18 | 19-21 | 22-24 | 25-27 || total
---------------------------+-------+-------+-------+-------+-------+-------+-------+-------+-------++-------
  Melee: Unarmed           |   116 |    95 |   343 |   695 |  1127 |  1103 |   420 |  1258 |  4170 ||  9327
         Bite              |     9 |     9 |    34 |    13 |   143 |   151 |    71 |   196 |   516 ||  1142
         Punch             |     1 |     1 |    15 |     5 |   126 |   155 |    79 |   230 |   666 ||  1278
         Constrict         |       |       |       |   132 |    53 |       |       |       |       ||   185
         Maw               |       |       |       |       |   314 |   188 |       |       |       ||   502
         Tailslap          |       |       |       |       |       |    35 |       |       |       ||    35
   Cast: Passage of Golubr |       |       |       |       |       |     6 |       |       |     1 ||     7
         Lesser Beckoning  |       |       |       |       |       |       |       |    35 |    39 ||    74
         Manifold Assault  |       |       |       |       |       |       |       |       |   590 ||   590
         Vhi's Electric Ch |       |       |       |       |       |       |       |       |   156 ||   156
 Invoke: Call Merchant     |       |       |       |     1 |       |     2 |     1 |       |     2 ||     6
         Potion Petition   |       |       |       |       |     1 |     2 |       |     3 |    18 ||    24
         Bribe Branch      |       |       |       |       |       |       |       |     1 |     2 ||     3
Ability: Breathe Fire      |       |       |       |       |       |     2 |       |       |       ||     2
  Evoke: Wand              |     1 |       |       |     6 |     7 |     2 |     6 |       |    10 ||    32
         Sack of spiders   |       |       |       |       |     2 |     1 |       |       |     1 ||     4
         Phantom mirror    |       |       |       |       |       |       |       |       |     2 ||     2
    Use: Scroll            |       |    10 |     1 |    14 |     8 |     4 |     4 |     8 |    23 ||    72
         Potion            |       |     1 |     3 |     8 |     1 |     4 |     2 |     4 |    30 ||    53
   Stab: Distracted        |     1 |       |     1 |    11 |    14 |    16 |     7 |    34 |    85 ||   169
         Sleeping          |    14 |     9 |    17 |    20 |    10 |    32 |     7 |    30 |    23 ||   162
         Confused          |       |       |       |       |       |     1 |       |       |       ||     1
         Invisible         |       |       |       |       |       |       |       |     4 |     1 ||     5
 Armour: Skin              |    12 |    19 |    62 |   305 |   291 |   342 |   132 |   352 |  1029 ||  2544
  Dodge: Dodged            |    86 |    63 |   276 |   460 |   762 |  1333 |   494 |  1814 |  5111 || 10399
  Block: Other             |       |       |       |       |   123 |   226 |    59 |   244 |   804 ||  1456
         Reflection        |       |       |       |       |     5 |    21 |     1 |    15 |     8 ||    50
   Form: Anaconda          |       |       |       |     1 |       |       |       |       |       ||     1
         Maw               |       |       |       |       |     1 |     1 |       |       |       ||     2
                           |       |       |       |       |     1 |       |       |       |       ||     1
         Statue            |       |       |       |       |       |     2 |       |       |     2 ||     4
         Dragon            |       |       |       |       |       |     1 |       |       |     1 ||     2
         Death             |       |       |       |       |       |       |       |       |     1 ||     1

Levels and vault maps discovered:
D:1:      dpeg_arrival_castle, layout_loops_corners
D:2:      layout_basic, dreamdust_wishing_well
D:3:      layout_loops_ring, mainiacjoe_overflow_24_doors,
          mainiacjoe_overflow_cross_hatched, uniq_jessica,
          uniq_crazy_yiuf_cottage, uniq_robin
D:4:      layout_loops_ring, mainiacjoe_overflow_tiny_flanked,
          minmay_temple_entry_junction_2, serial_bayou_pond_a,
          nicolae_shop_fire_sale [nicolae_sub_dead_trees], chequers_big_river
D:5:      layout_basic
D:6:      layout_rooms, marbit_many_paths, amcnicky_mini_pool_small,
          grunt_ministairs_1
D:7:      layout_loops_ring, uniq_duvessa, uniq_maggie
D:8:      layout_loops_corners, dpeg_lair_monsters
D:9:      cheibrodos_wizards_tower, layout_basic, lemuel_doored_altar
D:10:     layout_rooms, okawaru_altar_gauntlet_db, orc_0_dummy, serial_shops,
          nicolae_stop_n_shop_2
D:11:     layout_loops_ring, minmay_three_doors
D:12:     layout_basic, ebering_ghost_reflecting_pool, uniq_azrael, uniq_nessos
D:13:     minmay_containers, layout_basic, nicolae_nh_oracle_at_delphi
D:14:     layout_long_grid, lightli_vaults_fourway_checkpoint,
          gauntlet_entry_generic, nzn_wu_jian_contemplation, uniq_josephine,
          uniq_frances
D:15:     grunt_enter_depths_hoard, layout_loops_corners, minivault_27,
          serial_park_tiny_pond, zin_treasury
Temple:   lightli_temple_of_artemis
Lair:1:   layout_roguey, serial_bayou_shore_a, serial_bayou_shore_b,
          grunt_megastairs_3
Lair:2:   layout_roguey, alex1729_swamp_entry_worm_eleionoma, grunt_megastairs_4
Lair:3:   layout_roguey, alex1729_snake_entry_snake, beast_lair_carwin_9,
          uniq_snorg
Lair:4:   layout_roguey, portal_ice_cave_entry_pillars_1
Lair:5:   cheibrodos_lair_end_hotspot, layout_loops_ring, slime_entry_2,
          gammafunk_ghost_wrathful_warriors, kennysheep_basilisk_garden,
          uniq_sonja
Swamp:1:  layout_basic_swamp, hangedman_swamp_lotus, swamp_pool_3,
          hangedman_swamp_grove
Swamp:2:  layout_basic_swamp, gammafunk_ghost_grave, evilmike_swamp_ruin_wall,
          nicolae_swamp_tree_isthmus, uniq_aizul, uniq_roxanne, uniq_jorgrun
Swamp:3:  layout_basic_swamp, nicolae_swamp_oxbows, swamp_pool_5,
          nicolae_swamp_catching_bugs, nicolae_swamp_long_stream,
          uniq_mlioglotl, uniq_donald
Swamp:4:  swamp, layout_basic_swamp, swamp_pool_4, uniq_louise
Snake:1:  layout_chambers, grunt_megastairs_2
Snake:2:  layout_cave_shapes, grunt_megastairs_5
Snake:3:  layout_gridlike, hellmonk_ghost_happy_afterlife, st_stairs_10,
          minmay_shop_grove
Snake:4:  johnstein_snake_rune_scales, layout_cave_town, basic_altar
Slime:1:  layout_caves
Slime:2:  layout_caves
Slime:3:  layout_caves
Slime:4:  layout_caves
Slime:5:  slime_pit_nicolae_trefoil
Orc:1:    layout_caves, serial_shops, shop, nicolae_shop_gadgets, uniq_harold
Orc:2:    st_orc_congregation, layout_diamond_mine, basic_altar,
          nicolae_shop_self_help
Elf:1:    minmay_elf_arrival_circle, layout_loops_corners,
          gammafunk_ghost_grave, minmay_elf_demonology
Elf:2:    elven_hall_of_blades_hangedman_original
          [nicolae_blade_entry_hurt_lockers], layout_gridlike,
          grunt_megastairs_1
Elf:3:    minmay_elf_hall, layout_gridlike
Vaults:1: hangedman_vaults_pinch, nicolae_vaults_mini_display_case,
          dpeg_vaults_monster_row, nicolae_vaults_house_3, grunt_vaults_bifocal,
          nicolae_vaults_ninety_degrees, nicolae_vaults_surprise_closet,
          grunt_vaults_hallway_long, vaults_dpeg_hooks,
          nicolae_vaults_fighting_squares, vaults_mumra_minichess,
          vaults_room_door_ring, layout_vaults_maze
Vaults:2: nicolae_vaults_oval_intersection,
          nicolae_vaults_taking_the_gang_shopping, ontoclasm_vaults_idyll,
          nicolae_vaults_storage_room_water, hangedman_vaults_hat,
          nicolae_vaults_storage_closets_2, nicolae_vaults_prndl,
          layout_vaults_quadrants
Vaults:3: nicolae_vaults_storage_closets_3, nicolae_vaults_network_quincunx
          [nicolae_vaults_network_quincunx_subvault,
          nicolae_vaults_network_quincunx_subvault,
          nicolae_vaults_network_quincunx_subvault,
          nicolae_vaults_network_quincunx_subvault,
          nicolae_vaults_network_quincunx_subvault], v_misc_25,
          nicolae_vaults_little_squares_1, minmay_crypt_entry_simple_walls,
          nicolae_vaults_trapezoid_4, hangedman_vaults_river_flow,
          nicolae_vaults_cochlea, v_pattern_4, nicolae_vaults_closet_pinwheel_3,
          vaults_dpeg_ring, layout_vaults_chaotic_city, serial_shops,
          nicolae_shop_tiny_glass, serial_glass, uniq_zenata, uniq_bai_suzhen,
          uniq_frederick, uniq_mara
Vaults:4: infiniplex_enter_wizlab_glasses, nicolae_vaults_storage_room_glass,
          ontoclasm_vaults_decontamination, nicolae_vaults_apartment_1,
          nicolae_vaults_spaceships, vaults_dpeg_encased_lava,
          ontoclasm_vaults_twist, ontoclasm_vaults_loading_screen,
          nicolae_vaults_little_squares_1, ontoclasm_vaults_ring_large,
          hangedman_vaults_corner_blocks, nicolae_vaults_six-pack,
          gargoyle_guard, nicolae_vaults_wine_cellar, hangedman_vaults_locks,
          ontoclasm_vaults_ligature, vaults_room_fours,
          nicolae_vaults_frosty_reception, layout_vaults_omnibox, uniq_margery
Vaults:5
Crypt:1:  layout_chaotic_city, uniq_josephina
Crypt:2:  gammafunk_sealed_library, layout_catacombs, st_stairs_9
Crypt:3:  evilmike_haunted_forest, uniq_sojobo, uniq_boris
Depths:1: layout_cave_pools, hell_entry, hangedman_abyss_entry_splay,
          serial_sigils_hangedman_confine, minmay_holes, minmay_strange_pillars,
          nicolae_dithmenos_shadow_blocks, minmay_shop_star, uniq_norris
Depths:2: minmay_four_inscribed_fans, layout_small_grid, rand_demon_pan_entry_1,
          patterned_corridor, enter_trove_0, hell_entry,
          kennysheep_small_square, serial_bayou_shore_b, uniq_asterion
Depths:3: minmay_polygon_palace, layout_cave_shapes, nrook_mini_vaults,
          pf_hell_entry_tar_river, abyss_entry, uniq_mennas
Depths:4: evilmike_zot_entry_round, layout_gridlike, enter_ziggurat_b,
          pf_hell_entry_great_geh, cheibriados_altar_1,
          nicolae_abyss_entry_one_way_or_another,
          nicolae_concentric_dashed_squares_wild, elyvilon_altar_1
Hell
Zot:1:    layout_gridville, regret_index_zotdec_stipple_waver, uniq_tiamat
Zot:2:    layout_cathedral_of_symmetry, ebering_ghost_inner_flame,
          bh_zot_ikea_curve
Zot:3:    layout_gridlike, hangedman_zot_decor_checkerboard
Zot:4:    gammafunk_sealed_arena, layout_cellular_growth,
          hangedman_zot_decor_scrapings, uniq_grunn
Zot:5:    layout_cathedral_of_symmetry, ebering_ghost_reflecting_pool

Notes
Turn   | Place    | Note
-------+----------+-------------------------------------------
     0 | D:5      | Skeral the Felid Delver began the quest for the Orb.
     0 | D:5      | Reached XP level 1. HP: 10/10 MP: 2/2
     0 | D:5      | magus.rc [v1.10.3]
     4 | D:5      | You add the spells Sting, Poisonous Vapours and Olgreb's
                  | Toxic Radiance to your library.
   266 | D:4      | Found a sparkling altar of Nemelex Xobeh.
   330 | D:3      | Found a blossoming altar of Fedhas.
   360 | D:3      | Reached XP level 2. HP: 14/14 MP: 3/3
   720 | D:1      | Reached skill level 7 in Stealth
   861 | D:1      | Reached XP level 3. HP: 17/17 MP: 4/4
  2176 | D:3      | Noticed Robin
  2200 | D:3      | Reached XP level 4. HP: 22/22 MP: 5/5
  2227 | D:3      | Killed Robin
  2228 | D:3      | Reached skill level 3 in Unarmed Combat
  2279 | D:3      | Found a sacrificial altar of Ru.
  2409 | D:3      | Noticed Jessica
  2416 | D:3      | Killed Jessica
  2417 | D:3      | Reached skill level 4 in Fighting
  2705 | D:3      | Found a runed translucent door.
  2706 | D:3      | Noticed Crazy Yiuf
  2768 | D:4      | Reached XP level 5. HP: 21/25 MP: 6/6
  2800 | D:4      | Found a staircase to the Ecumenical Temple.
  2800 | D:4      | Noticed a sky beast
  2836 | Temple   | Entered the Ecumenical Temple
  2856 | Temple   | Became a worshipper of Gozag Ym Sagoz the Greedy
  2993 | D:4      | Found Zuegaug's Fire Supplies.
  3662 | D:5      | Reached skill level 8 in Stealth
  3679 | D:5      | Identified a potion of experience
  3688 | D:5      | Reached skill level 8 in Fighting
  3688 | D:5      | Reached skill level 7 in Dodging
  3688 | D:5      | Reached skill level 8 in Unarmed Combat
  3688 | D:5      | Gained mutation: You are covered in thick fur. (AC +2)
                  | [Felid growth]
  3688 | D:5      | Reached XP level 6. HP: 34/34 MP: 7/7
  3933 | D:5      | Reached skill level 9 in Fighting
  3933 | D:5      | Reached XP level 7. HP: 38/38 MP: 8/8
  4559 | D:5      | HP: 7/38 [kobold brigand/+0 short sword (6)]
  4562 | D:5      | Reached skill level 1 in Shapeshifting
  5100 | D:6      | HP: 6/38 [orc warrior/+0 mace (8)]
  5102 | D:5      | Mangled by an orc warrior
  5154 | D:5      | Reached skill level 2 in Shapeshifting
  5250 | D:6      | Reached XP level 8. HP: 42/42 MP: 9/9
  5261 | D:5      | Reached skill level 9 in Unarmed Combat
  5477 | D:6      | Reached skill level 3 in Shapeshifting
  6001 | D:6      | Found a glowing golden altar of the Shining One.
  6462 | D:7      | Reached XP level 9. HP: 46/46 MP: 10/10
  6582 | D:7      | Noticed Duvessa
  6582 | D:7      | Noticed Dowan
  7212 | D:7      | Noticed Maggie
  7262 | D:8      | Noticed a death yak
  7288 | D:7      | Reached skill level 4 in Shapeshifting
  7410 | D:8      | Found a staircase to the Lair.
  7411 | D:8      | Noticed a death yak
  7498 | D:8      | Reached skill level 10 in Fighting
  7531 | D:8      | HP: 10/46 [killer bee (3)]
  7661 | D:8      | magus.rc [v1.10.3]
  7675 | D:8      | You pick up a book of Misfortune and begin reading...
  7675 | D:8      | You add the spells Inner Flame, Yara's Violent Unravelling
                  | and Enfeeble to your library.
  8243 | D:8      | You pick up a book of the Senses and begin reading...
  8243 | D:8      | You add the spells Dazzling Flash, Agony and Silence to
                  | your library.
  8322 | D:8      | Reached skill level 10 in Unarmed Combat
  8322 | D:8      | Reached skill level 5 in Shapeshifting
  8425 | D:8      | Noticed a death yak
  8690 | D:8      | Reached skill level 6 in Shapeshifting
  9183 | D:9      | Reached XP level 10. HP: 35/51 MP: 11/11
  9390 | D:9      | Noticed an orc sorcerer
  9470 | D:9      | Reached skill level 7 in Shapeshifting
  9622 | D:9      | HP: 7/51 [gnoll sergeant/+1 spear of venom (10)]
  9858 | D:9      | You pick up a book of Chaos and begin reading...
  9858 | D:9      | You add the spells Conjure Ball Lightning, Disjunction and
                  | Discord to your library.
  9871 | D:9      | Found a snail-covered altar of Cheibriados.
  9902 | D:9      | Paralysed by an orc sorcerer for 5 turns
  9905 | D:9      | HP: 12/51 [bullfrog (6)]
  9906 | D:9      | HP: 4/51 [bullfrog (8)]
  9907 | D:9      | Slain by a bullfrog
 10382 | D:7      | Killed Duvessa
 10394 | D:7      | HP: 9/51 [gnoll sergeant/+0 spear (10)]
 10563 | D:7      | Reached skill level 8 in Shapeshifting
 10579 | D:7      | HP: 12/51 [poisoned by a gnoll]
 10863 | D:7      | Killed Dowan
 11067 | D:7      | Killed Maggie
 11191 | Gauntlet | Identified the "Ydebykk"
 11191 | Gauntlet | Identified the "Nibbun"
 11191 | Gauntlet | Identified the "Boing"
 11191 | Lair:1   | Identified the "Koumut"
 11191 | Lair:1   | Entered Level 1 of the Lair of Beasts
 11207 | Lair:1   | HP: 11/53 [yak (11)]
 11367 | Lair:1   | Reached skill level 9 in Shapeshifting
 11718 | Lair:1   | You pick up a book of Callings and begin reading...
 11718 | Lair:1   | You add the spells Summon Small Mammal, Call Canine
                  | Familiar and Summon Guardian Golem to your library.
 11771 | Lair:1   | Reached skill level 10 in Shapeshifting
 11921 | Lair:1   | Noticed a cane toad
 11979 | Lair:1   | You add the spells Kiss of Death, Stone Arrow, Freezing
                  | Cloud and Fire Storm to your library.
 11995 | Lair:1   | HP: 11/61 [komodo dragon (27)]
 12003 | Lair:1   | Reached XP level 11. HP: 42/54 MP: 12/12
 12271 | Lair:1   | HP: 11/66 [wolf (8)]
 12919 | D:8      | Reached skill level 11 in Fighting
 12919 | D:8      | Reached skill level 11 in Unarmed Combat
 13524 | D:9      | You pick up a book of Party Tricks and begin reading...
 13524 | D:9      | You add the spells Apportation, Jinxbite and Alistair's
                  | Intoxication to your library.
 13579 | D:9      | Killed an orc sorcerer
 13770 | D:9      | You add the spells Ignite Poison, Sticky Flame and Ignition
                  | to your library.
 13806 | D:9      | Noticed an arcanist
 13920 | D:10     | Entered Level 10 of the Dungeon
 14002 | D:10     | Found Sothilaa's Assorted Antiques.
 14005 | D:10     | Bought a scroll of teleportation for 84 gold pieces
 14005 | D:10     | Bought a scroll labelled MUCRAOSHROYPT for 28 gold pieces
 14005 | D:10     | Bought a smoky red potion for 25 gold pieces
 14005 | D:10     | Bought a scroll labelled MUCRAOSHROYPT for 28 gold pieces
 14005 | D:10     | Bought a potion of mutation for 224 gold pieces
 14005 | D:10     | Bought a forked copper wand for 112 gold pieces
 14040 | D:10     | Found a staircase to the Orcish Mines.
 14530 | D:10     | Found an iron altar of Okawaru.
 15594 | D:11     | Noticed a two-headed ogre
 15617 | D:11     | Killed a two-headed ogre
 15690 | D:11     | Noticed an ettin
 15717 | D:11     | Noticed an orc knight
 15723 | D:11     | Noticed a two-headed ogre
 15758 | D:11     | Killed a two-headed ogre
 15833 | D:12     | Found a runed translucent door.
 15837 | D:12     | Reached skill level 12 in Fighting
 15837 | D:12     | Reached skill level 8 in Dodging
 15837 | D:12     | Reached skill level 12 in Unarmed Combat
 15837 | D:12     | Gained mutation: Your thick and shaggy fur keeps you warm.
                  | (AC +3, rC+) [Felid growth]
 15837 | D:12     | Reached XP level 12. HP: 61/61 MP: 13/13
 16091 | D:12     | You pick up a book of the Tundra and begin reading...
 16091 | D:12     | You add the spells Hailstorm and Summon Ice Beast to your
                  | library.
 16116 | D:12     | Noticed a two-headed ogre
 16253 | D:11     | Bought a scroll of blinking for 120 gold pieces
 16253 | D:11     | Bought a scroll of noise for 16 gold pieces
 16253 | D:11     | Bought a scroll of fear for 64 gold pieces
 16253 | D:11     | Bought a scroll of butterflies for 64 gold pieces
 16253 | D:11     | Bought a scroll of identify for 32 gold pieces
 16253 | D:11     | Bought a scroll of blinking for 120 gold pieces
 16259 | D:11     | Bought a scroll of butterflies for 64 gold pieces
 16259 | D:11     | Bought a scroll of teleportation for 48 gold pieces
 16290 | D:12     | Noticed Nessos
 16359 | D:12     | Noticed gelatine's ghost (journeyman DsFi)
 16665 | D:12     | Noticed Azrael
 16802 | D:12     | HP: 6/73 [Azrael/damnation (28)]
 16803 | D:12     | Killed from afar by Azrael
 16912 | Lair:5   | Identified the "Aloatta"
 16912 | Orc:1    | Entered Level 1 of the Orcish Mines
 17070 | Orc:2    | Entered Level 2 of the Orcish Mines
 17096 | Orc:1    | Reached skill level 9 in Dodging
 17308 | Orc:2    | Reached skill level 1 in Evocations
 17407 | Orc:1    | Found Leinos's Gadget Gallery.
 17513 | Orc:2    | Found Ises's Self-Improvement Boutique.
 17525 | Orc:2    | Bought a manual of Unarmed Combat for 1200 gold pieces
 17540 | Orc:2    | Found a staircase to the Elven Halls.
 17667 | Orc:2    | Noticed an orc high priest
 17688 | Orc:1    | Noticed Harold
 17766 | Orc:1    | Found Vaga Irph's Armour Emporium.
 17881 | Orc:1    | Killed Harold
 17882 | Orc:1    | Reached skill level 2 in Evocations
 18429 | Orc:2    | Noticed an orc high priest
 18623 | Orc:2    | Reached skill level 3 in Evocations
 18712 | Orc:2    | Noticed an orc warlord
 18945 | D:11     | Reached skill level 13 in Unarmed Combat
 18994 | D:11     | Learned a level 1 spell: Apportation
 19193 | Lair:2   | Reached skill level 10 in Dodging
 19193 | Lair:2   | Reached skill level 1 in Translocations
 19202 | Lair:2   | HP: 18/73 [elephant (2)]
 19480 | Lair:2   | Reached skill level 2 in Translocations
 19618 | Lair:2   | Reached skill level 4 in Evocations
 19622 | Lair:2   | Reached skill level 13 in Fighting
 19627 | Lair:2   | Reached skill level 3 in Translocations
 20073 | Lair:2   | Reached skill level 4 in Translocations
 20073 | Lair:2   | Reached XP level 13. HP: 66/66 MP: 14/14
 20254 | Lair:2   | Reached skill level 14 in Unarmed Combat
 20348 | Lair:2   | You pick up a book of Misfortune and begin reading...
 20363 | Lair:2   | Found a staircase to the Swamp.
 20364 | Lair:2   | Noticed an eleionoma
 20375 | Lair:2   | Killed an eleionoma
 20799 | Lair:3   | Noticed Snorg
 21184 | Lair:3   | Reached skill level 15 in Unarmed Combat
 21229 | Lair:3   | Identified a scroll of acquirement
 21230 | Lair:3   | Acquired the amulet of the King {Reflect *Corrode Regen+
                  | Dex+4 SH+5}
 21345 | Lair:3   | Reached skill level 14 in Fighting
 21638 | Lair:3   | Killed Snorg
 21778 | Lair:3   | Reached skill level 15 in Fighting
 21841 | Lair:3   | Slain by a cane toad
 21942 | Lair:3   | Reached skill level 5 in Translocations
 22062 | Lair:3   | Reached skill level 5 in Evocations
 22295 | Lair:3   | Reached skill level 6 in Translocations
 22324 | Lair:3   | Found a staircase to the Snake Pit.
 22340 | Lair:3   | Reached XP level 14. HP: 59/73 MP: 15/15
 22546 | Lair:4   | Found a frozen archway.
 22866 | Lair:4   | Reached skill level 6 in Evocations
 22887 | IceCv    | Entered an ice cave
 22930 | IceCv    | Reached skill level 16 in Unarmed Combat
 23015 | IceCv    | Noticed a quicksilver ooze
 23028 | IceCv    | Killed a quicksilver ooze
 23380 | IceCv    | HP: 16/73 [ice beast[an ice statue] (5)]
 23749 | IceCv    | Noticed a quicksilver ooze
 24020 | Lair:4   | You add the spells Tukima's Dance and Passage of Golubria
                  | to your library.
 24361 | Lair:5   | Entered Level 5 of the Lair of Beasts
 24364 | Lair:5   | Reached skill level 7 in Evocations
 24585 | Lair:5   | Noticed Sonja
 24612 | Lair:5   | Reached skill level 16 in Fighting
 24625 | Lair:5   | Reached skill level 17 in Unarmed Combat
 24880 | Lair:5   | magus.rc [v1.10.3]
 24980 | Lair:5   | Reached skill level 8 in Evocations
 25042 | Lair:5   | Killed Sonja
 25175 | Lair:5   | Found a viscous altar of Jiyva.
 25243 | Lair:5   | Found a runed translucent door.
 25266 | Lair:5   | Found a staircase to the Slime Pits.
 25266 | Lair:5   | Noticed an acid blob
 25532 | Lair:5   | Found a transporter.
 25565 | Lair:5   | HP: 11/75 [dream sheep (26)]
 25635 | Lair:5   | Reached skill level 18 in Unarmed Combat
 25777 | Lair:5   | Identified the ring "Qanen" {rF+ rCorr Str+3}
 25782 | Lair:5   | Noticed Forgeling's ghost (journeyman DEWn)
 25790 | Lair:5   | Found a transporter.
 25794 | Lair:5   | Found a bloodstained altar of Trog.
 25937 | Lair:5   | Found a large runed translucent door.
 25937 | Lair:5   | Found a large runed translucent door.
 25974 | Lair:5   | Reached XP level 15. HP: 65/79 MP: 16/16
 26438 | D:4      | Bought a ring of protection from fire for 325 gold pieces
 26505 | D:3      | Killed Crazy Yiuf
 26747 | D:12     | Killed Nessos
 27555 | D:13     | Found The Oracle's Delphic Readings.
 27567 | D:13     | Bought a scroll of teleportation for 42 gold pieces
 27618 | D:13     | Reached skill level 17 in Fighting
 27784 | D:13     | Reached skill level 11 in Dodging
 27918 | D:13     | Noticed a sphinx
 28307 | D:14     | Found a gate to the Vaults.
 28308 | D:14     | Noticed Frances
 28423 | D:14     | HP: 19/80 [meliai/divine providence (10)]
 28461 | D:14     | Noticed Josephine
 28531 | D:14     | Killed Josephine
 28592 | D:14     | Found a gate leading to a gauntlet.
 28609 | Gauntlet | Entered a Gauntlet
 28609 | Gauntlet | Found a transporter.
 28609 | Gauntlet | Found a transporter.
 28609 | Gauntlet | Found a transporter.
 28630 | Gauntlet | Found a transporter.
 28644 | Gauntlet | Found a transporter.
 28648 | Gauntlet | Found a transporter.
 28650 | Gauntlet | Found a large runed translucent door.
 28651 | Gauntlet | Found a large runed translucent door.
 28652 | Gauntlet | Found a large runed translucent door.
 28652 | Gauntlet | Found a large runed translucent door.
 28652 | Gauntlet | Found a runed translucent door.
 28652 | Gauntlet | Found a runed translucent door.
 28653 | Gauntlet | Found a large runed translucent door.
 28653 | Gauntlet | Found a large runed translucent door.
 28653 | Gauntlet | Found a large runed translucent door.
 28653 | Gauntlet | Found a large runed translucent door.
 28654 | Gauntlet | Found a large runed translucent door.
 28655 | Gauntlet | Found a large runed translucent door.
 28656 | Gauntlet | Found a large runed translucent door.
 28656 | Gauntlet | Found a large runed translucent door.
 28657 | Gauntlet | Found a large runed translucent door.
 28657 | Gauntlet | Found a large runed translucent door.
 28657 | Gauntlet | Found a large runed translucent door.
 28657 | Gauntlet | Found a large runed translucent door.
 28660 | Gauntlet | Found a runed translucent gate.
 28660 | Gauntlet | Found a runed translucent gate.
 28660 | Gauntlet | Found a runed translucent gate.
 28662 | Gauntlet | Found a transporter.
 28698 | Gauntlet | Found a transporter.
 28698 | Gauntlet | Found a transporter.
 28703 | Gauntlet | Found a transporter.
 28706 | Gauntlet | Found a transporter.
 28774 | Gauntlet | Found a transporter.
 28844 | Gauntlet | You add the spells Foxfire and Starburst to your library.
 28861 | Gauntlet | Identified the ring "Esto" {EV+5 Str+3 Int-2 Dex+6}
 28990 | Gauntlet | Reached skill level 12 in Dodging
 29100 | Gauntlet | Identified the +1 morningstar of Yniur {flame, rElec rC+++
                  | Str-5 Dex+3}
 29101 | Gauntlet | You add the spells Slow, Leda's Liquefaction and Borgnjor's
                  | Vile Clutch to your library.
 29101 | Gauntlet | You pick up a book of the Senses and begin reading...
 29337 | D:14     | Found an ornate altar of the Wu Jian Council.
 29733 | D:13     | Killed a sphinx
 29734 | D:13     | Reached skill level 19 in Unarmed Combat
 30548 | Orc:2    | Reached skill level 18 in Fighting
 30641 | Orc:2    | Found Sihoshra's Antique Armour Shoppe.
 30642 | Orc:2    | Found Yriar's Antique Weapon Shoppe.
 30644 | Orc:2    | Found Silurch's General Store.
 30644 | Orc:2    | Found Imomaip's Jewellery Emporium.
 30659 | Orc:2    | Bought a potion of curing for 54 gold pieces
 31104 | Snake:1  | Entered Level 1 of the Snake Pit
 31139 | Lair:3   | Reached skill level 13 in Dodging
 31205 | Snake:1  | Reached XP level 16. HP: 71/85 MP: 14/17
 31668 | Snake:1  | You add the spells Malign Gateway and Summon Horrible
                  | Things to your library.
 32711 | Snake:1  | You pick up a book of Burglary and begin reading...
 32711 | Snake:1  | You add the spells Passwall, Ensorcelled Hibernation and
                  | Swiftness to your library.
 32724 | Snake:1  | Learned a level 4 spell: Passage of Golubria
 32755 | Snake:1  | Reached skill level 14 in Dodging
 33246 | Snake:1  | Reached skill level 7 in Translocations
 33385 | Snake:2  | Reached skill level 11 in Shapeshifting
 33391 | Snake:2  | HP: 21/87 [mana viper[a naga ritualist] (12)]
 33396 | Snake:2  | HP: 17/87 [poisoned by a naga ritualist (toxic radiance)]
 33398 | Snake:2  | HP: 8/87 [poisoned by a naga ritualist (toxic radiance)]
 33475 | Snake:1  | Bought a scroll of teleportation for 54 gold pieces
 33475 | Snake:1  | Bought a scroll of teleportation for 54 gold pieces
 33475 | Snake:1  | Bought a scroll of blinking for 135 gold pieces
 33475 | Snake:1  | Bought 2 scrolls of teleportation for 108 gold pieces
 33593 | Snake:2  | You pick up a book of Power and begin reading...
 33593 | Snake:2  | You add the spells Iskenderun's Battlesphere, Bombard and
                  | Spellforged Servitor to your library.
 33771 | Snake:2  | You pick up a book of Alchemy and begin reading...
 33771 | Snake:2  | You add the spells Sublimation of Blood, Petrify and
                  | Irradiate to your library.
 33831 | Snake:2  | Reached skill level 8 in Translocations
 34247 | Snake:3  | Noticed Vyac's ghost (journeyman SpEn)
 34247 | Snake:3  | Found a runed translucent door.
 34369 | Snake:3  | Found Kaczuola's Jewellery Emporium.
 34370 | Snake:3  | Found Vutyw's Book Shop.
 34371 | Snake:3  | Found Hilaxt's Jewellery Emporium.
 34388 | Snake:3  | Bought a +4 ring of protection for 576 gold pieces
 34560 | Snake:3  | Reached skill level 19 in Fighting
 34631 | Snake:3  | Reached skill level 9 in Translocations
 35124 | Snake:4  | Entered Level 4 of the Snake Pit
 35186 | Snake:4  | Reached skill level 10 in Translocations
 35193 | Snake:4  | HP: 21/87 [something (11)]
 35423 | Snake:4  | Reached skill level 12 in Shapeshifting
 35517 | Snake:4  | Found a blossoming altar of Fedhas.
 35763 | Swamp:1  | Entered Level 1 of the Swamp
 35833 | Lair:2   | Bought a dragon-blood talisman for 840 gold pieces
 35974 | Swamp:1  | Reached XP level 17. HP: 65/91 MP: 18/18
 36332 | Swamp:1  | Reached skill level 13 in Shapeshifting
 36730 | Swamp:2  | Found a runed translucent door.
 36732 | Swamp:2  | Noticed jestert79's ghost (adept DrSh)
 36847 | Swamp:2  | Killed jestert79's ghost
 36953 | Swamp:2  | Noticed Jorgrun
 37086 | Swamp:2  | Reached skill level 14 in Shapeshifting
 37171 | Swamp:2  | Noticed Roxanne
 37180 | Swamp:2  | Killed Roxanne
 37194 | Swamp:2  | Identified the serpent talisman of Disguise {rC- Str+4}
 37194 | Swamp:2  | Noticed Aizul
 37233 | Swamp:2  | Killed Aizul
 37354 | Swamp:2  | Killed Jorgrun
 38070 | Swamp:2  | magus.rc [v1.10.3]
 38164 | Swamp:3  | Noticed Donald
 38289 | Swamp:3  | Noticed Mlioglotl
 38325 | Swamp:3  | Reached skill level 15 in Shapeshifting
 38372 | Swamp:3  | Killed Donald
 38380 | Swamp:3  | HP: 18/125 [Executioner[Mlioglotl] (20)]
 38383 | Swamp:3  | Killed Mlioglotl
 38536 | Swamp:3  | You pick up a book of Sloth and begin reading...
 38536 | Swamp:3  | You add the spells Frozen Ramparts and Metabolic
                  | Englaciation to your library.
 39074 | Swamp:4  | Entered Level 4 of the Swamp
 39104 | Swamp:4  | Reached skill level 16 in Shapeshifting
 39169 | Swamp:4  | Noticed Louise
 39198 | Swamp:4  | Killed Louise
 39200 | Swamp:4  | a +0 antimagic eveningstar {rare}; a +0 chain mail; a +2
                  | tower shield
 39323 | Swamp:4  | You pick up a book of the Wilderness and begin reading...
 39323 | Swamp:4  | You add the spells Summon Mana Viper and Summon Cactus
                  | Giant to your library.
 39669 | Swamp:4  | Reached XP level 18. HP: 96/96 MP: 19/19
 40066 | Swamp:4  | HP: 13/96 [constriction (12)]
 40071 | Swamp:4  | HP: 5/96 [constriction (15)]
 40165 | Swamp:4  | Reached skill level 11 in Translocations
 40207 | Swamp:4  | Got a decaying rune of Zot
 40550 | Snake:3  | Killed Vyac's ghost
 41469 | Snake:4  | Identified the +7 rapier "Xietitt" {freeze, Int+3}
 41479 | Snake:4  | Reached skill level 12 in Translocations
 41647 | Snake:4  | Got a serpentine rune of Zot
 42022 | D:12     | Killed gelatine's ghost
 42165 | D:13     | Reached skill level 17 in Shapeshifting
 42396 | D:14     | Killed Frances
 42506 | D:15     | Entered Level 15 of the Dungeon
 42920 | D:15     | Reached skill level 20 in Fighting
 42982 | D:15     | Reached skill level 20 in Unarmed Combat
 43271 | D:15     | Found a glowing silver altar of Zin.
 43340 | D:15     | Found a staircase to the Depths.
 43603 | Vaults:1 | Entered Level 1 of the Vaults
 43965 | Vaults:1 | Reached XP level 19. HP: 101/101 MP: 20/20
 44552 | Vaults:1 | Gained mutation: You occasionally shout uncontrollably at
                  | your foes. [a shining eye]
 44960 | Vaults:1 | Reached skill level 18 in Shapeshifting
 45275 | Vaults:2 | Found Oxzexent's Armour Shoppe.
 45698 | Vaults:2 | Reached skill level 21 in Fighting
 45842 | Vaults:2 | Reached skill level 21 in Unarmed Combat
 46423 | Vaults:3 | You pick up a book of the Hunter and begin reading...
 46556 | Vaults:3 | Noticed Mara
 46567 | Vaults:3 | Noticed Skeral's illusion
 46751 | Vaults:3 | Noticed Bai Suzhen
 46762 | Vaults:3 | Killed Bai Suzhen
 46796 | Vaults:3 | Found Itanull's Magic Scroll Emporium.
 46829 | Vaults:3 | Bought a scroll of teleportation for 57 gold pieces
 46829 | Vaults:3 | Bought 3 scrolls of teleportation for 171 gold pieces
 46906 | Vaults:4 | Found a magical portal.
 46917 | Vaults:4 | Reached XP level 20. HP: 108/108 MP: 21/21
 46918 | Vaults:4 | Reached XP level 21. HP: 112/112 MP: 22/22
 46922 | WizLab   | Entered Doroklohe's Tomb
 47073 | WizLab   | Noticed a royal mummy
 47077 | WizLab   | Killed a royal mummy
 47078 | WizLab   | Identified the +6 long sword of Urgency {spect, *Noise rC+
                  | Will+ Dex+6}
 47707 | Vaults:4 | Reached XP level 22. HP: 117/117 MP: 23/23
 47710 | Vaults:4 | Reached skill level 22 in Fighting
 47825 | Vaults:4 | Reached skill level 22 in Unarmed Combat
 47968 | Vaults:4 | Reached skill level 15 in Dodging
 48349 | Vaults:4 | Reached skill level 16 in Dodging
 48480 | Vaults:3 | Noticed Zenata
 48490 | Vaults:3 | Killed Zenata
 48575 | Vaults:3 | Reached skill level 17 in Dodging
 48578 | Vaults:3 | Noticed Skeral's illusion
 48778 | Vaults:3 | Found a staircase to the Crypt.
 48909 | Vaults:3 | Reached skill level 18 in Dodging
 48943 | Vaults:3 | Identified the +12 rapier of Fear {flame, rN+}
 49636 | Vaults:3 | Noticed Frederick
 49846 | Elf:1    | Identified the "Ischolihu"
 49846 | Elf:1    | Entered Level 1 of the Elven Halls
 49859 | Elf:1    | Reached skill level 19 in Dodging
 50712 | Elf:1    | Reached skill level 20 in Dodging
 50811 | Elf:1    | Found a runed translucent door.
 50813 | Elf:1    | Noticed croobank's ghost (journeyman DgSu)
 50820 | Elf:1    | Killed croobank's ghost
 50947 | Elf:2    | Reached skill level 1 in Spellcasting
 51068 | Elf:2    | You pick up a book of Alchemy and begin reading...
 51518 | Elf:2    | Reached skill level 2 in Spellcasting
 51538 | Elf:2    | Found a runed translucent gate.
 51538 | Elf:2    | Found a runed translucent gate.
 51538 | Elf:2    | Found a runed translucent gate.
 51543 | Elf:2    | magus.rc [v1.10.3]
 52022 | Elf:3    | Identified the "Onec"
 52022 | Elf:3    | Identified the of Agooky
 52022 | Elf:3    | Entered Level 3 of the Elven Halls
 52032 | Elf:2    | Reached skill level 3 in Spellcasting
 52306 | Elf:3    | Reached XP level 23. HP: 121/121 MP: 28/28
 52861 | Elf:3    | Identified the +5 plate armour of the Gravedigger {MP+9}
 52861 | Elf:3    | Identified the ring "Duitemom" {rElec Will+ Int+2}
 52896 | Elf:3    | Reached skill level 4 in Spellcasting
 52898 | Elf:3    | Identified the +9 great sword of the Orcish Mines {drain,
                  | Fly Int+3}
 53023 | Elf:3    | You add the spells Shock, Fulminant Prism and Chain
                  | Lightning to your library.
 53032 | Elf:3    | You pick up a book of Necromancy and begin reading...
 53032 | Elf:3    | You add the spells Necrotise and Vampiric Draining to your
                  | library.
 53061 | Elf:3    | You pick up a book of Conjurations and begin reading...
 53061 | Elf:3    | You add the spells Magic Dart and Searing Ray to your
                  | library.
 53133 | Elf:3    | You pick up a book of Spatial Translocations and begin
                  | reading...
 53133 | Elf:3    | You add the spells Blink, Momentum Strike and Lesser
                  | Beckoning to your library.
 53153 | Elf:3    | Acquired 1033 gold pieces
 53429 | D:15     | magus.rc [v1.10.3]
 53430 | Depths:1 | Entered Level 1 of the Depths
 53441 | Depths:1 | Found a gateway to Hell.
 53661 | Depths:1 | Found Comaov's Book Shop.
 53666 | Depths:1 | Bought a book of Displacement for 352 gold pieces
 53666 | Depths:1 | You pick up a book of Displacement and begin reading...
 53666 | Depths:1 | You add the spells Gell's Gravitas and Teleport Other to
                  | your library.
 53669 | Depths:1 | Learned a level 2 spell: Lesser Beckoning
 53673 | Depths:1 | Learned a level 3 spell: Teleport Other
 53688 | Depths:1 | Found a one-way gate to the infinite horrors of the Abyss.
 53797 | Depths:1 | Found a shadowy altar of Dithmenos.
 53860 | Depths:1 | Noticed Norris
 53884 | Depths:1 | Killed Norris
 53890 | Depths:1 | Reached skill level 21 in Dodging
 54549 | Depths:2 | Reached skill level 19 in Shapeshifting
 54649 | Depths:2 | You pick up a book of Winter and begin reading...
 54673 | Depths:2 | Noticed a juggernaut
 54676 | Depths:2 | Noticed a caustic shrike
 54683 | Depths:2 | Killed a juggernaut
 54699 | Depths:2 | Killed a caustic shrike
 54724 | Depths:2 | Noticed Asterion
 54732 | Depths:2 | Killed Asterion
 54940 | Depths:2 | You pick up a book of Frost and begin reading...
 54985 | Depths:2 | You pick up a book of the Hunter and begin reading...
 55180 | Depths:2 | Found a one-way gate leading to the halls of Pandemonium.
 55299 | Depths:2 | Found a portal to a secret trove of treasure.
 55600 | Depths:3 | Noticed Mennas
 55660 | Depths:2 | Reached skill level 23 in Unarmed Combat
 55664 | Depths:2 | Reached skill level 23 in Fighting
 55720 | Depths:2 | HP: 38/159 [iron troll (22)]
 55721 | Depths:2 | HP: 16/159 [iron troll (23)]
 56077 | Depths:3 | Reached skill level 22 in Dodging
 56156 | Depths:3 | You pick up a book of Burglary and begin reading...
 56172 | Depths:3 | Reached XP level 24. HP: 128/128 MP: 29/30
 56184 | Depths:3 | You pick up a book of Armaments and begin reading...
 56784 | Depths:4 | Entered Level 4 of the Depths
 56832 | Depths:4 | magus.rc [v1.10.3]
 56880 | Depths:4 | Found a snail-covered altar of Cheibriados.
 57095 | Depths:4 | Found a one-way gateway to a ziggurat.
 57421 | Depths:4 | Found a white marble altar of Elyvilon.
 57583 | Depths:4 | Noticed a juggernaut
 57592 | Depths:4 | Killed a juggernaut
 57896 | Depths:4 | Found a gate to the Realm of Zot.
 58337 | Vaults:5 | Entered Level 5 of the Vaults
 58345 | Vaults:5 | Reached skill level 20 in Shapeshifting
 58459 | Vaults:5 | Reached skill level 23 in Dodging
 58479 | Vaults:5 | Reached skill level 5 in Spellcasting
 58534 | Vaults:5 | a yaktaur captain comes into view. It is wielding the +16
                  | obsidian axe {drain, demonic, Mesm Drain Fly SInv}.
 58579 | Vaults:5 | Got a silver rune of Zot
 58842 | Vaults:5 | Reached skill level 6 in Spellcasting
 58852 | Vaults:5 | Identified the +8 war axe of Stickiness {heavy, rF+ Will+
                  | Str+4 Dex-3}
 58936 | Vaults:5 | Reached skill level 24 in Fighting
 58936 | Vaults:5 | Reached skill level 24 in Unarmed Combat
 59008 | Vaults:5 | a deep elf death mage comes into view. It is wielding the
                  | +11 plutonium sword {Contam Stlth-} and wearing a +3
                  | leather armour of fire resistance.
 59044 | Vaults:5 | Identified the +1 robe of the Game of Life {rC+ Str+5}
 59062 | Vaults:5 | Identified the ring "Saucwasch" {Ice rElec Will+ rCorr
                  | Str-3 Dex+3}
 59073 | Vaults:5 | Identified the +10 scimitar of Jammi {protect, *Corrode
                  | rPois Int+6 SInv}
 59189 | Vaults:5 | Reached XP level 25. HP: 133/133 MP: 33/33
 59192 | Vaults:5 | Noticed an ancient lich
 59199 | Vaults:5 | Killed an ancient lich
 59200 | Vaults:5 | Reached skill level 9 in Stealth
 59273 | Vaults:5 | Noticed an ancient lich
 59280 | Vaults:5 | Identified the ring "Lipsev" {rC+ Str+2 Int+4}
 59317 | Vaults:5 | Noticed an ancient lich
 59335 | Vaults:5 | Killed an ancient lich
 59377 | Vaults:5 | Killed an ancient lich
 59378 | Vaults:5 | Reached skill level 13 in Translocations
 59563 | Vaults:5 | Found Agesit's General Store.
 59715 | Vaults:5 | Identified the +7 flail "Hell-Harrower" {holy, Contam rPois
                  | rN+ Will+}
 59715 | Vaults:5 | Identified the amulet of Vashrodwum {Spirit Rampage Drain
                  | Slay+2}
 59718 | Vaults:5 | Identified the ring of the Squeaky Plum {Ice +Blink}
 59763 | Vaults:5 | Reached skill level 10 in Stealth
 60417 | Lair:5   | You pick up a book of Fire and begin reading...
 60428 | Lair:5   | You add the spells Scorch and Maxwell's Capacitive Coupling
                  | to your library.
 60519 | Lair:5   | Killed Forgeling's ghost
 60902 | Zot:1    | Identified the of Jusam
 60902 | Slime:1  | Entered Level 1 of the Pits of Slime
 61496 | Vaults:3 | Killed Frederick
 61497 | Vaults:3 | Reached skill level 11 in Stealth
 61498 | Vaults:3 | a +0 eveningstar of flaming {rare}; a +2 plate armour of
                  | poison resistance
 61564 | Vaults:3 | Reached skill level 14 in Translocations
 61591 | Vaults:3 | Killed Mara
 61828 | Crypt:1  | Entered Level 1 of the Crypt
 62006 | Crypt:1  | Reached skill level 12 in Stealth
 62039 | Vaults:3 | Bought a book of Lightning for 612 gold pieces
 62039 | Vaults:3 | You pick up a book of Lightning and begin reading...
 62039 | Vaults:3 | You add the spells Vhi's Electric Charge and Arcjolt to
                  | your library.
 62044 | Vaults:3 | Learned a level 4 spell: Vhi's Electric Charge
 62297 | Slime:1  | Reached skill level 1 in Air Magic
 62389 | Slime:1  | Reached skill level 2 in Air Magic
 62743 | Slime:1  | Reached skill level 3 in Air Magic
 62823 | Slime:2  | Reached skill level 21 in Shapeshifting
 62935 | Slime:2  | Reached skill level 4 in Air Magic
 63308 | Slime:3  | Reached skill level 5 in Air Magic
 63994 | Slime:5  | Entered Level 5 of the Pits of Slime
 64032 | Slime:5  | Noticed the Royal Jelly
 64079 | Slime:5  | magus.rc [v1.10.3]
 64320 | Slime:5  | Found a viscous altar of Jiyva.
 64392 | Slime:5  | Reached skill level 7 in Spellcasting
 64414 | Slime:5  | Gained mutation: Your spells are a little easier to cast,
                  | but a little less powerful. [a shining eye]
 64510 | Slime:4  | Reached skill level 22 in Shapeshifting
 64618 | Slime:5  | Killed the Royal Jelly
 64623 | Slime:5  | HP: 42/172 [spore (15)]
 64631 | Slime:5  | HP: 36/172 [rockslime[the Royal Jelly] (16)]
 64715 | Slime:5  | Identified the ring "Ynel Vui" {rF+ rC- rN++ Will+ AC+4}
 64732 | Slime:5  | You pick up a book of Minor Magic and begin reading...
 64732 | Slime:5  | You add the spells Call Imp and Mephitic Cloud to your
                  | library.
 64741 | Slime:5  | Learned a level 4 spell: Manifold Assault
 64759 | Slime:5  | Identified the ring "Tigiligg" {+Blink rN+ EV+5}
 64781 | Slime:5  | You pick up a book of Unlife and begin reading...
 64784 | Slime:5  | Identified the +3 leather armour of the Rose {rF+ Regen+
                  | SInv}
 64815 | Slime:5  | Identified the +1 leather armour "Boubre" {rPois MP+9 Str+3
                  | Dex+4}
 64831 | Slime:5  | You pick up a book of Storms and begin reading...
 64831 | Slime:5  | You add the spells Static Discharge and Airstrike to your
                  | library.
 64845 | Slime:5  | Got a slimy rune of Zot
 64890 | Slime:5  | Reached XP level 26. HP: 138/138 MP: 10/34
 65187 | D:12     | Killed Azrael
 65329 | Hell     | Entered the Vestibule of Hell
 65331 | Hell     | Noticed Geryon
 65404 | Depths:1 | magus.rc [v1.10.3]
 65424 | Hell     | Killed Geryon
 65547 | Hell     | Found a gateway to the decaying netherworld of Tartarus.
 65594 | Hell     | Found a gateway to the ashen valley of Gehenna.
 65828 | Hell     | Found a gateway to the Iron City of Dis.
 65889 | Hell     | Found a gateway to the freezing wastes of Cocytus.
 66022 | Depths:2 | You paid a toll of the horn of Geryon to enter a treasure
                  | trove
 66023 | Trove    | Entered a treasure trove
 66029 | Trove    | Identified the ring of the Middle {Will+ rCorr MP+9 Str+3}
 66034 | Trove    | Identified the ring of Urrarig {rElec Str+6}
 66038 | Trove    | Identified the ring "Goym" {*Corrode rPois Will+ EV+5}
 66040 | Trove    | Identified the ring of Codi {rF+ Will+ Int+4}
 66047 | Trove    | Identified the ring "Puelegum" {Fire *Slow rElec rPois
                  | SInv}
 66123 | Zot:1    | Entered Level 1 of the Realm of Zot
 66127 | Zot:1    | Noticed an orb of fire
 66166 | Zot:1    | Reached skill level 15 in Translocations
 66174 | Depths:4 | Gained mutation: Your magical capacity is low. (-10% MP)
                  | [an orb of fire]
 66177 | Depths:4 | Gained mutation: Your mind is acute. (Int +4, Str/Dex -1)
                  | [an orb of fire]
 66178 | Depths:4 | Killed an orb of fire
 66179 | Depths:4 | Reached skill level 8 in Spellcasting
 66239 | Zot:1    | Found the +4 dragonskin cloak
 66239 | Zot:1    | Noticed Tiamat
 66239 | Zot:1    | Tiamat, Avatar of the Dragonlord comes into view. She is
                  | wielding a +4 heavy glaive and wearing the +4 dragonskin
                  | cloak.
 66247 | Zot:1    | Aim: Tiamat, wielding a +4 heavy glaive and wearing the +4
                  | dragonskin cloak (lightly wounded, 89% to hit)
 66247 | Zot:1    | Aim: Tiamat, wielding a +4 heavy glaive and wearing the +4
                  | dragonskin cloak (lightly wounded, 89% to hit)
 66249 | Zot:1    | Here: Tiamat, wielding a +4 heavy glaive and wearing the +4
                  | dragonskin cloak (lightly wounded)
 66256 | Zot:1    | Aim: Tiamat, wielding a +4 heavy glaive and wearing the +4
                  | dragonskin cloak (heavily wounded)
 66256 | Zot:1    | Aim: Tiamat, wielding a +4 heavy glaive and wearing the +4
                  | dragonskin cloak (heavily wounded)
 66261 | Zot:1    | Killed Tiamat
 66624 | Zot:1    | You pick up a book of Blasting and begin reading...
 66624 | Zot:1    | You add the spells Volatile Blastmotes and Iskenderun's
                  | Mystic Blast to your library.
 67243 | Zot:2    | Noticed an orb of fire
 67256 | Zot:2    | Killed an orb of fire
 67354 | Zot:2    | Reached skill level 23 in Shapeshifting
 67398 | Zot:2    | Found a runed translucent door.
 67404 | Zot:2    | Noticed Sackuas's ghost (veteran OgBe)
 67463 | Zot:2    | You pick up a book of the Senses and begin reading...
 67625 | Zot:2    | Found the +5 robe of Night {Dark Will+ SInv}
 67660 | Zot:2    | Reached skill level 24 in Dodging
 67660 | Zot:2    | Noticed an electric golem
 67665 | Zot:2    | Killed an electric golem
 67766 | Zot:3    | Noticed a curse toe
 67767 | Zot:3    | Noticed an orb of fire
 67768 | Zot:3    | Killed a curse toe
 67772 | Zot:3    | Lost mutation: Your mind is acute. (Int +4, Str/Dex -1) [an
                  | orb of fire]
 67775 | Zot:3    | Killed an orb of fire
 67959 | Zot:3    | You pick up a book of Air and begin reading...
 68072 | Zot:3    | Noticed an electric golem
 68085 | Zot:3    | Killed an electric golem
 68653 | Zot:4    | Noticed Grunn
 68654 | Zot:4    | Reached XP level 27. HP: 144/144 MP: 13/32
 68661 | Zot:4    | Killed Grunn
 68821 | Zot:4    | Noticed an orb of fire
 68830 | Zot:4    | Gained mutation: You are weak. (Str -2) [an orb of fire]
 68838 | Zot:4    | Killed an orb of fire
 68839 | Zot:4    | Lost mutation: Your magical capacity is low. (-10% MP)
                  | [potion of mutation]
 68839 | Zot:4    | Lost mutation: You are weak. (Str -2) [potion of mutation]
 68839 | Zot:4    | Gained mutation: Your flesh is heat resistant. (rF+)
                  | [potion of mutation]
 68839 | Zot:4    | Gained mutation: You possess an exceptional clarity of
                  | mind. [potion of mutation]
 68892 | Zot:4    | Noticed a curse toe
 68894 | Zot:4    | Found a transporter.
 68898 | Zot:4    | Killed a curse toe
 68915 | Zot:4    | Found a transporter.
 69291 | Depths:4 | Voluntarily entered the Abyss.
 69294 | Abyss:1  | Found a corrupted altar of Lugonu.
 69449 | Abyss:1  | Reached skill level 25 in Fighting
 69532 | Abyss:2  | Reached skill level 25 in Unarmed Combat
 69938 | Abyss:3  | Noticed an ancient lich
 69948 | Abyss:3  | Killed an ancient lich
 70001 | Abyss:3  | Reached skill level 25 in Dodging
 70053 | Abyss:3  | Paralysed by accursed screaming for 1 turns
 70186 | Abyss:3  | Found a corrupted altar of Lugonu.
 70212 | Abyss:3  | Found a corrupted altar of Lugonu.
 70290 | Abyss:3  | Identified the "Yllieggass"
 70290 | Abyss:3  | Identified the "Huipugh"
 70290 | Abyss:3  | Identified the of Eqegemmu
 70290 | Abyss:3  | Identified the "Qaojyc"
 70290 | Abyss:3  | Identified the of Guips
 70290 | Abyss:3  | Identified the "Deuler"
 70290 | Abyss:3  | Identified the "Wuput Ezuep"
 70290 | Abyss:3  | Identified the of Xaomiwuf
 70290 | Abyss:3  | Identified the of Owonuorghusch
 70290 | Abyss:3  | Identified the "Roebaf"
 70434 | Abyss:3  | Found a corrupted altar of Lugonu.
 70522 | Abyss:3  | Paralysed by accursed screaming for 1 turns
 70677 | Abyss:3  | Found a runed translucent door.
 70716 | Abyss:3  | Found a hazy altar of Hepliaklqana.
 70735 | Abyss:3  | Found a hazy altar of Hepliaklqana.
 70821 | Abyss:3  | Found a hazy altar of Hepliaklqana.
 70853 | Abyss:3  | Found a hazy altar of Hepliaklqana.
 70853 | Abyss:3  | Found a hazy altar of Hepliaklqana.
 70947 | Abyss:4  | Reached skill level 24 in Shapeshifting
 70985 | Abyss:4  | Paralysed by accursed screaming for 1 turns
 71347 | Abyss:4  | Found a corrupted altar of Lugonu.
 71370 | Abyss:4  | Reached skill level 26 in Dodging
 71494 | Abyss:4  | Found a corrupted altar of Lugonu.
 71527 | Abyss:4  | Got an abyssal rune of Zot
 71623 | Depths:4 | You pass through the gate.
 71623 | Depths:4 | Escaped the Abyss
 72096 | Crypt:1  | Reached skill level 26 in Fighting
 72143 | Crypt:1  | Reached skill level 26 in Unarmed Combat
 72684 | Crypt:2  | Found a transporter.
 72690 | Crypt:2  | Found a shimmering blue altar of Sif Muna.
 72876 | Crypt:2  | Noticed a curse skull
 72881 | Crypt:2  | Killed a curse skull
 73037 | Crypt:2  | Noticed a curse skull
 73044 | Crypt:2  | Killed a curse skull
 73616 | Crypt:2  | Noticed a dread lich
 73622 | Crypt:2  | Killed a dread lich
 73679 | Crypt:2  | You pick up a book of the Earth and begin reading...
 73691 | Crypt:2  | Identified the ring of the Countless Olives {Fly Will+
                  | Stlth+}
 73695 | Crypt:2  | You pick up a book of Beasts and begin reading...
 73697 | Crypt:2  | You pick up a book of Flames and begin reading...
 73732 | Crypt:2  | Found a transporter.
 73732 | Crypt:2  | Identified the staff "Ruty" {+Blink Fly rPois rC+ Str-4
                  | Ice}
 73768 | Crypt:3  | Entered Level 3 of the Crypt
 73782 | Crypt:3  | Noticed Boris
 73788 | Crypt:3  | Killed Boris
 73834 | Crypt:3  | Identified the ring of Paranoia {Drain rPois rC+ Int+2
                  | Dex+3}
 73987 | Crypt:3  | Reached skill level 27 in Dodging
 74065 | Crypt:3  | Noticed Sojobo
 74077 | Crypt:3  | Killed Sojobo
 74160 | Crypt:3  | Noticed a curse skull
 74166 | Crypt:3  | Killed a curse skull
 74171 | Crypt:3  | Noticed a curse skull
 74189 | Crypt:3  | Killed a curse skull
 74238 | Crypt:3  | Identified the +0 buckler of the Original Sin {rC+}
 74626 | Crypt:3  | Found an ancient bone altar of Kikubaaqudgha.
 74880 | Crypt:3  | Noticed a dread lich
 74889 | Crypt:3  | Killed a dread lich
 74909 | Crypt:3  | You add the spells Haunt, Borgnjor's Revivification and
                  | Death's Door to your library.
 74911 | Crypt:3  | You pick up a book of Winter and begin reading...
 75197 | Crypt:3  | Found a staircase to the Tomb.
 75832 | Coc:7    | Identified the of Esyi
 75832 | Dis:7    | Identified the of Maplol
 75832 | Dis:7    | Identified the "Fuoppimo"
 75832 | Pan      | Entered Pandemonium
 76051 | Pan      | Reached skill level 27 in Fighting
 76054 | Pan      | Reached skill level 27 in Unarmed Combat
 76138 | Pan      | Gained mutation: Your magical capacity is low. (-10% MP) [a
                  | cacodemon]
 76224 | Pan      | Noticed Eczecom the pandemonium lord
 76234 | Pan      | Killed Eczecom the pandemonium lord
 76321 | Pan      | You pick up a book of Cantrips and begin reading...
 76680 | Pan      | Reached skill level 16 in Translocations
 76744 | Pan      | Reached skill level 9 in Spellcasting
 77007 | Pan      | Noticed Niadimaf the pandemonium lord
 77017 | Pan      | Killed Niadimaf the pandemonium lord
 77445 | Pan      | Noticed Pechefy the pandemonium lord
 77453 | Pan      | Gained mutation: You occasionally lose the ability to drink
                  | potions when taking damage. [a cacodemon]
 77455 | Pan      | Reached skill level 17 in Translocations
 77456 | Pan      | Gained mutation: Your magical capacity is very low. (-20%
                  | MP) [a cacodemon]
 77457 | Pan      | Killed Pechefy the pandemonium lord
 77676 | Pan      | Reached skill level 10 in Spellcasting
 77968 | Pan      | Identified the of Sonaxterr
 78031 | Pan      | Noticed Paerch the pandemonium lord
 78048 | Pan      | Killed Paerch the pandemonium lord
 78343 | Pan      | Reached skill level 18 in Translocations
 78395 | Pan      | Reached skill level 25 in Shapeshifting
 78492 | Pan      | Reached skill level 11 in Spellcasting
 78511 | Pan      | You pick up a book of Armaments and begin reading...
 78765 | Pan      | Found a runed translucent door.
 78803 | Pan      | Found a runed translucent door.
 78807 | Pan      | Found a runed translucent door.
 78809 | Pan      | Noticed Adishrugga the pandemonium lord
 78820 | Pan      | Killed Adishrugga the pandemonium lord
 78837 | Pan      | Found a runed translucent door.
 78862 | Pan      | You pick up a book of Necromancy and begin reading...
 79495 | Pan      | Reached skill level 12 in Spellcasting
 79524 | Pan      | Gained mutation: You occasionally lose the ability to read
                  | scrolls when taking damage. [a neqoxec]
 79527 | Pan      | Lost mutation: Your magical capacity is very low. (-20% MP)
                  | [potion of mutation]
 79527 | Pan      | Lost mutation: You occasionally shout uncontrollably at
                  | your foes. [potion of mutation]
 79527 | Pan      | Lost mutation: Your flesh is heat resistant. (rF+) [potion
                  | of mutation]
 79527 | Pan      | Gained mutation: Your system is resistant to poisons.
                  | (rPois) [potion of mutation]
 79527 | Pan      | Gained mutation: You are partially covered in iridescent
                  | scales. (AC +2) [potion of mutation]
 79593 | Pan      | Lost mutation: You occasionally lose the ability to drink
                  | potions when taking damage. [potion of mutation]
 79593 | Pan      | Lost mutation: You occasionally lose the ability to read
                  | scrolls when taking damage. [potion of mutation]
 79593 | Pan      | Lost mutation: You possess an exceptional clarity of mind.
                  | [potion of mutation]
 79593 | Pan      | Gained mutation: You are vulnerable to cold. (rC-) [potion
                  | of mutation]
 79593 | Pan      | Gained mutation: You are resistant to electric shocks.
                  | (rElec) [potion of mutation]
 79593 | Pan      | Lost mutation: You are vulnerable to cold. (rC-) [potion of
                  | mutation]
 79593 | Pan      | Gained mutation: You are robust. (+10% HP) [potion of
                  | mutation]
 79761 | Pan      | Noticed Cairogan the pandemonium lord
 79772 | Pan      | Killed Cairogan the pandemonium lord
 79780 | Pan      | Reached skill level 26 in Shapeshifting
 80378 | Pan      | You pick up a book of Iron and begin reading...
 80381 | Pan      | Found an exit through the horrors of the Abyss.
 80543 | Pan      | Found a transporter.
 80570 | Pan      | Found a transporter.
 80571 | Pan      | Identified the ring "Ivadack" {Ice Int+2 Dex+2}
 81041 | Pan      | Identified the ring of Juodolat {rF+ Dex+6}
 81129 | Pan      | Reached skill level 27 in Shapeshifting
 81346 | Pan      | Noticed Zibru the pandemonium lord
 81376 | Pan      | Killed Zibru the pandemonium lord
 81383 | Pan      | Reached skill level 6 in Air Magic
 81451 | Pan      | You pick up a book of Weapons and begin reading...
 81642 | Pan      | Identified the "Zojemuid"
 81642 | Pan      | Entered the realm of Cerebov.
 81844 | Pan      | Reached skill level 13 in Stealth
 81913 | Pan      | Found an exit through the horrors of the Abyss.
 81919 | Pan      | You pick up a book of Air and begin reading...
 82215 | Pan      | Identified the +4 leather armour "Zuid" {Will+}
 82250 | Pan      | Identified the +8 war axe "Worm's Wrath" {flame, MP+9}
 82281 | Pan      | Found the +6 sword of Cerebov {flame}
 82281 | Pan      | Cerebov, Demon Lord of Fire and Steel comes into view. They
                  | are wielding the +6 sword of Cerebov {flame}.
 82281 | Pan      | Noticed Cerebov
 82302 | Pan      | Killed Cerebov
 82303 | Pan      | Reached skill level 19 in Translocations
 82303 | Pan      | Reached skill level 7 in Air Magic
 82327 | Pan      | Identified the +4 rapier of Kahecs {flame, *Slow rF++
                  | Str+4}
 82338 | Pan      | You pick up a book of Vapours and begin reading...
 82339 | Pan      | Identified the +4 rapier of Ipruj {holy, rElec rCorr
                  | Stlth+}
 82342 | Pan      | Identified the scarf of Mutualism {shadows, MP+9 Int+2}
 82357 | Pan      | Got a fiery rune of Zot
 82560 | Pan      | Entered the realm of Lom Lobon.
 82799 | Pan      | Reached skill level 14 in Stealth
 82942 | Pan      | Reached skill level 13 in Spellcasting
 83067 | Pan      | Noticed Lom Lobon
 83079 | Pan      | Killed Lom Lobon
 83080 | Pan      | Reached skill level 8 in Air Magic
 83092 | Pan      | Got a magical rune of Zot
 83251 | Pan      | Reached skill level 15 in Stealth
 83465 | Pan      | Learned a level 2 spell: Wereblood
 83489 | Pan      | Reached skill level 1 in Transmutations
 83563 | Pan      | Reached skill level 2 in Transmutations
 83609 | Pan      | Noticed Miycvac the pandemonium lord
 83622 | Pan      | Reached skill level 16 in Stealth
 83622 | Pan      | Killed Miycvac the pandemonium lord
 83623 | Pan      | Reached skill level 3 in Transmutations
 83885 | Pan      | Entered the realm of Mnoleg.
 83902 | Pan      | Reached skill level 4 in Transmutations
 84074 | Pan      | Gained mutation: You have hidden genetic defects. [a
                  | neqoxec]
 84086 | Pan      | Lost mutation: You are robust. (+10% HP) [a cacodemon]
 84140 | Pan      | Reached skill level 17 in Stealth
 84145 | Pan      | Gained mutation: You are clumsy. (Dex -2) [a neqoxec]
 84161 | Pan      | Lost mutation: You are resistant to electric shocks.
                  | (rElec) [potion of mutation]
 84161 | Pan      | Lost mutation: Your system is resistant to poisons. (rPois)
                  | [potion of mutation]
 84161 | Pan      | Gained mutation: You are frail. (-10% HP) [potion of
                  | mutation]
 84161 | Pan      | Lost mutation: You are frail. (-10% HP) [potion of
                  | mutation]
 84162 | Pan      | Lost mutation: You are partially covered in iridescent
                  | scales. (AC +2) [potion of mutation]
 84162 | Pan      | Lost mutation: Your spells are a little easier to cast, but
                  | a little less powerful. [potion of mutation]
 84162 | Pan      | Gained mutation: You have a pair of small antennae on your
                  | head. [potion of mutation]
 84162 | Pan      | Gained mutation: Your muscles are strong. (Str +4, Int/Dex
                  | -1) [potion of mutation]
 84162 | Pan      | Gained mutation: You expend magic power (3 MP) to
                  | strengthen your wands. [potion of mutation]
 84347 | Pan      | Noticed Mnoleg
 84354 | Pan      | Gained mutation: You sometimes lose your temper in combat.
                  | [a shining eye]
 84360 | Pan      | Killed Mnoleg
 84361 | Pan      | Reached skill level 18 in Stealth
 84408 | Pan      | Gained mutation: You occasionally lose the ability to drink
                  | potions when taking damage. [a neqoxec]
 84425 | Pan      | Got a glowing rune of Zot
 84431 | Pan      | Lost mutation: Your muscles are strong. (Str +4, Int/Dex
                  | -1) [a cacodemon]
 84455 | Pan      | Lost mutation: You sometimes lose your temper in combat.
                  | [potion of mutation]
 84455 | Pan      | Lost mutation: You have a pair of small antennae on your
                  | head. [potion of mutation]
 84500 | Pan      | Reached skill level 19 in Stealth
 84613 | Pan      | Lost mutation: You have hidden genetic defects. [potion of
                  | mutation]
 84613 | Pan      | Lost mutation: You expend magic power (3 MP) to strengthen
                  | your wands. [potion of mutation]
 84613 | Pan      | Lost mutation: You are clumsy. (Dex -2) [potion of
                  | mutation]
 84613 | Pan      | Gained mutation: You possess an exceptional clarity of
                  | mind. [potion of mutation]
 84615 | Pan      | Entered the realm of Gloorx Vloq.
 84952 | Pan      | Found an exit through the horrors of the Abyss.
 84986 | Pan      | Reached skill level 20 in Stealth
 85102 | Pan      | Noticed Gloorx Vloq
 85109 | Pan      | Noticed a curse skull
 85114 | Pan      | Reached skill level 21 in Stealth
 85123 | Pan      | Killed a curse skull
 85132 | Pan      | Noticed a curse skull
 85136 | Pan      | Killed a curse skull
 85147 | Pan      | Killed Gloorx Vloq
 85246 | Pan      | You pick up a book of Ice and begin reading...
 85246 | Pan      | You add the spells Ozocubu's Refrigeration and Polar Vortex
                  | to your library.
 85252 | Pan      | Got a dark rune of Zot
 85428 | Pan      | Reached skill level 22 in Stealth
 85587 | Pan      | Noticed Kakhov the pandemonium lord
 85590 | Pan      | Killed Kakhov the pandemonium lord
 85634 | Pan      | Found an exit through the horrors of the Abyss.
 85648 | Pan      | Reached skill level 23 in Stealth
 85797 | Pan      | Noticed Itzykk the pandemonium lord
 85804 | Pan      | Killed Itzykk the pandemonium lord
 85857 | Pan      | Got a demonic rune of Zot
 86013 | Pan      | Reached skill level 24 in Stealth
 86309 | Pan      | Noticed Buynigh the pandemonium lord
 86325 | Pan      | Killed Buynigh the pandemonium lord
 86325 | Pan      | Lost mutation: You possess an exceptional clarity of mind.
                  | [a neqoxec]
 86330 | Pan      | Reached skill level 25 in Stealth
 86350 | Pan      | You pick up a book of Frost and begin reading...
 86443 | Pan      | Found an exit through the horrors of the Abyss.
 86570 | Pan      | Noticed Faubieru the pandemonium lord
 86587 | Pan      | Killed Faubieru the pandemonium lord
 86618 | Pan      | You pick up a book of Flames and begin reading...
 86639 | Pan      | Identified the ring of Ofuituvo {Will+ rCorr Stlth+}
 86768 | Pan      | Took an exit into the Abyss.
 86768 | Abyss:5  | You pass through the gate.
 86768 | Abyss:5  | Escaped into the Abyss
 86840 | Depths:2 | You pass through the gate.
 86840 | Depths:2 | Escaped the Abyss
 87045 | Zot:5    | Entered Level 5 of the Realm of Zot
 87078 | Zot:5    | Reached skill level 26 in Stealth
 87137 | Zot:5    | Noticed an electric golem
 87143 | Zot:5    | Identified the +5 flail of Wyrd {heavy, rPois Str+3 Int+2}
 87145 | Zot:5    | Killed an electric golem
 87146 | Zot:5    | Noticed an ancient lich
 87149 | Zot:5    | Noticed an ancient lich
 87150 | Zot:5    | Noticed an orb of fire
 87154 | Zot:5    | Killed an ancient lich
 87157 | Zot:5    | Gained mutation: You sometimes lose your temper in combat.
                  | [an orb of fire]
 87159 | Zot:5    | Gained mutation: You are occasionally teleported next to
                  | monsters. [an orb of fire]
 87160 | Zot:5    | Killed an orb of fire
 87205 | Zot:5    | Reached skill level 27 in Stealth
 87212 | Zot:5    | Noticed a dread lich
 87225 | Zot:5    | Reached skill level 20 in Translocations
 87228 | Zot:5    | Killed a dread lich
 87229 | Zot:5    | Noticed an ancient lich
 87238 | Zot:5    | Killed an ancient lich
 87247 | Zot:5    | Got the Orb of Zot
 87277 | Zot:5    | Noticed an electric golem
 87277 | Zot:5    | Noticed an orb of fire
 87277 | Zot:5    | Noticed an ancient lich
 87280 | Zot:5    | Gained mutation: Your magical capacity is very low. (-20%
                  | MP) [an orb of fire]
 87280 | Zot:5    | Noticed an orb of fire
 87281 | Zot:5    | Noticed an ancient lich
 87289 | Zot:5    | Killed an ancient lich
 87304 | Zot:5    | Killed an ancient lich
 87416 | Depths:4 | Lost mutation: You occasionally lose the ability to drink
                  | potions when taking damage. [potion of mutation]
 87416 | Depths:4 | Lost mutation: Your magical capacity is very low. (-20% MP)
                  | [potion of mutation]
 87416 | Depths:4 | Gained mutation: You have very sharp fingernails. [potion
                  | of mutation]
 87416 | Depths:4 | Gained mutation: You are agile. (Dex +4, Str/Int -1)
                  | [potion of mutation]
 87416 | Depths:4 | Gained mutation: Your muscles are strong. (Str +4, Int/Dex
                  | -1) [potion of mutation]
 87562 | D:15     | Reached skill level 14 in Spellcasting
 87767 | D:3      | Reached skill level 21 in Translocations
 87783 | D:$      | Escaped with the Orb!

Vanquished Creatures
  Cerebov (Pan)
  the Royal Jelly (Slime:5)
  Gloorx Vloq (Pan)
  Mnoleg (Pan)
  Lom Lobon (Pan)
  3 dread liches
  Tiamat (Zot:1)
  4 orbs of fire
  6 ancient liches
  Mara (Vaults:3)
  2 juggernauts
  A royal mummy (WizLab)
  Bai Suzhen (Vaults:3)
  Sojobo (Crypt:3)
  Boris (Crypt:3)
  12 pandemonium lords (Pan)
  Frederick (Vaults:3)
  Geryon (Hell)
  A caustic shrike (Depths:2)
  2 curse toes
  Norris (Depths:1)
  7 golden dragons
  2 profane servitors
  6 Tzitzimimeh (Pan)
  2 doom hounds (Zot:4)
  A shard shrike zombie (Crypt:1)
  11 Brimstone Fiends (Pan)
  3 electric golems
  A hellephant (D:11)
  A walking earthen tome (Depths:2)
  16 tentacled monstrosities
  Jorgrun (Swamp:2)
  7 Hell Sentinels
  9 liches
  Zenata (Vaults:3)
  Mlioglotl (Swamp:3)
  15 Orb Guardians
  3 Ice Fiends
  Asterion (Depths:2)
  Grunn (Zot:4)
  2 deep elf master archers (Elf:3)
  3 sphinxes
  34 acid blobs
  4 quicksilver dragons
  4 deep elf blademasters (Elf:3)
  5 titans
  4 ancient champions
  6 death cobs
  2 walking divine tomes
  18 tentacled starspawn
  Frances (D:14)
  10 tengu reavers
  35 Executioners
  3 thorn hunters
  16 storm dragons
  4 draconian monks
  8 shadow dragons
  Roxanne (Swamp:2)
  Donald (Swamp:3)
  17 demonspawn warmongers (Pan)
  2 draconian knights
  13 rockslimes
  10 azure jellies
  Aizul (Swamp:2)
  The ghost of jestert79 the Brawler, an adept DrSh of Hepliaklqana (Swamp:2)
  3 revenants
  3 fenstrider witches
  5 frost giants
  6 fire giants
  A ghost moth (Zot:3)
  The ghost of croobank the Covert, a journeyman DgSu (Elf:1)
  5 nagarajas (Snake:4)
  3 caustic shrike zombies
  3 draconian scorchers (Depths:4)
  6 deep elf sorcerers
  4 spectral caustic shrikes (Depths:3)
  14 vault wardens
  2 iron dragons
  Louise (Swamp:4)
  4 deep elf elementalists (Elf:3)
  27 balrugs
  An angel (Abyss:3)
  A juggernaut zombie (Crypt:3)
  4 draconian stormcallers
  4 draconian shifters
  4 draconian annihilators
  4 orc warlords
  39 cacodemons
  6 curse skulls
  A quicksilver ooze (shapeshifter) (Vaults:5)
  4 ghouls
  18 reapers
  A spriggan defender (Depths:2)
  19 stone giants
  9 demonspawn blood saints (Pan)
  14 ironbound preservers
  14 demonspawn corrupters (Pan)
  12 quicksilver oozes
  14 very ugly things
  8 war gargoyles
  10 ironbound thunderhulks
  6 formless jellyfish
  Nessos (D:12)
  7 green draconians
  7 black draconians
  The ghost of Vyac the Spry, a journeyman SpEn of Wu Jian (Snake:3)
  5 eleionomae
  6 demonspawn black suns (Pan)
  7 deep elf demonologists
  7 vampire knights
  6 deep elf annihilators
  6 yellow draconians
  8 purple draconians
  28 lorocyprocas
  Azrael (D:12)
  5 bunyips
  4 red draconians
  7 spark wasps
  13 white draconians
  64 starcursed masses
  11 eidola
  A minotaur (Gauntlet)
  13 dire elephants
  14 blizzard demons
  8 ettins
  Snorg (Lair:3)
  11 deep elf death magi
  14 green deaths (Pan)
  15 jiangshi
  The ghost of gelatine the Cleaver, a journeyman DsFi (D:12)
  4 crystal guardians
  5 entropy weavers
  10 fire dragons
  4 mummy priests
  A quicksilver dragon zombie (Crypt:3)
  A spriggan zombie (Crypt:3)
  13 yaktaur captains
  4 deep elf high priests
  A fire dragon (shapeshifter) (Depths:2)
  13 great orbs of eyes
  Josephine (D:14)
  3 shambling mangroves
  7 ice dragons
  5 hell beasts
  5 peacekeepers
  2 spriggan air magi
  12 centaur warriors
  A ghost crab (Swamp:3)
  17 vault guards
  The ghost of Forgeling the Thaumaturge, a journeyman DEWn of Ru (Lair:5)
  4 rakshasas
  Harold (Orc:1)
  2 salamander tyrants (Snake:4)
  A juggernaut simulacrum (Abyss:2)
  4 spriggan skeletons
  7 alligators
  12 ironbound frosthearts
  2 ogre magi
  A catoblepas (Lair:5)
  3 boulder beetles
  6 anacondas
  34 hydras
  3 death knights
  A sphinx skeleton (Vaults:4)
  25 dancing weapons
  11 death yaks
  4 two-headed ogres
  8 demonic crawlers
  7 naga warriors
  5 deep troll shamans
  6 spriggan berserkers
  A hell hog (Abyss:3)
  23 hell knights
  8 deep troll earth magi
  40 soul eaters
  2 titan zombies (Crypt:3)
  9 vampire magi
  6 occultists
  6 orc high priests
  19 wretched stars
  A storm dragon zombie (WizLab)
  4 thrashing horrors
  7 naga sharpshooters
  7 shock serpents
  Sonja (Lair:5)
  12 spriggans
  100 sun demons
  7 iron trolls
  10 deep elf knights
  9 shadow wraiths
  13 skeletal warriors
  3 titan skeletons
  A golden dragon zombie (Crypt:3)
  4 skysharks (Depths:1)
  2 death drakes (Abyss:4)
  6 salamander mystics
  29 sixfirhies
  A spatial maelstrom (Abyss:3)
  10 goliath frogs
  15 glowing orange brains
  9 swamp dragons
  A spriggan simulacrum (Hell)
  6 bog bodies
  7 shadow demons (Pan)
  An orb spider (Abyss:4)
  2 flayed ghosts (Crypt:2)
  3 bunyip skeletons
  12 orc knights
  7 spriggan druids
  10 naga ritualists
  A tengu zombie (WizLab)
  25 necromancers
  An arcanist (Vaults:1)
  6 deep elf archers
  A harpy (Vaults:1)
  11 ironbound convokers
  8 lindwurms
  18 phantasmal warriors
  36 deep trolls
  29 deep elf pyromancers
  A golden dragon skeleton (Crypt:3)
  12 mana vipers
  28 deep elf zephyrmancers
  24 ugly things
  5 cyclopes
  2 stone giant zombies
  6 orc sorcerers
  A manticore (D:13)
  4 shining eyes
  3 will-o-the-wisps
  20 salamanders
  2 shining eyes (shapeshifter)
  An alligator skeleton (Crypt:2)
  18 moths of wrath
  3 worldbinders
  A dire elephant zombie (Crypt:3)
  A shadow dragon skeleton (Crypt:3)
  44 black mambas
  31 elephants
  An orc zombie (Crypt:3)
  A centaur zombie (Crypt:3)
  A frost giant skeleton (Vaults:1)
  2 water nymphs (shapeshifter) (Vaults:5)
  A demonspawn zombie (WizLab)
  8 rust devils
  5 eyes of devastation
  A torpor snail (shapeshifter) (Vaults:5)
  14 vault sentinels
  A fire giant skeleton (Crypt:1)
  A shock serpent zombie (Crypt:1)
  A guardian serpent (shapeshifter) (Abyss:1)
  70 smoke demons
  An apocalypse crab (Abyss:3)
  2 ice statues (IceCv)
  13 cane toads
  2 guardian serpents
  2 molten gargoyles (Lair:5)
  17 naga magi
  43 orange demons
  2 centaur skeletons (Pan)
  Maggie (D:7)
  A grey draconian zombie (Crypt:2)
  A dire elephant skeleton (Crypt:1)
  An unseen horror (shapeshifter) (D:13)
  A catoblepas zombie (Crypt:3)
  8 hellions
  A rime drake (Lair:4)
  9 efreet
  14 komodo dragons
  A kobold demonologist (D:9)
  2 unseen horrors (Pan)
  19 yaktaurs
  8 freezing wraiths
  5 ice devils
  A silent spectre (Abyss:3)
  15 ancient zymes
  8 guardian mummies
  14 tormentors
  A yellow draconian skeleton (Crypt:2)
  2 harpy zombies (Crypt:3)
  10 tengu conjurers
  9 red devils
  6 trolls
  46 hellwings
  4 polar bears
  6 meliai
  4 harpy skeletons
  3 hydra zombies
  20 hornets
  2 ettin zombies
  5 tyrant leeches
  A deep troll zombie (WizLab)
  A boulder beetle zombie (Crypt:2)
  136 slime creatures
  39 raiju
  A dream sheep (shapeshifter) (Vaults:5)
  A tarantella (shapeshifter) (D:14)
  An iron dragon simulacrum (Vaults:4)
  8 glass eyes
  17 dream sheep
  20 blink frogs
  An elf zombie (WizLab)
  A culicivora (shapeshifter) (Depths:2)
  A human simulacrum (Vaults:1)
  32 flying skulls
  A slime creature (shapeshifter) (Elf:2)
  A black mamba zombie (Crypt:3)
  20 wraiths
  3 air elementals
  A spriggan (shapeshifter) (Elf:2)
  A vampire (Abyss:3)
  44 ynoxinuls
  4 wyverns
  An ushabti (Crypt:3)
  4 fire bats (Abyss:3)
  5 water elementals
  6 fire elementals
  13 basilisks
  21 golden eyes
  65 yaks
  44 chaos spawn
  39 neqoxecs
  30 vampire mosquitoes
  7 redbacks
  4 steam dragons
  42 nagas
  39 small abominations
  3 spatial vortices
  2 wargs
  A harpy simulacrum (Abyss:3)
  13 swamp worms
  2 acid dragons
  13 water moccasins
  19 hell hounds
  111 large abominations
  A water moccasin (shapeshifter) (Abyss:4)
  Duvessa (D:7)
  4 great orb of eyes simulacra (IceCv)
  12 swamp drakes
  A black bear (shapeshifter) (Elf:1)
  4 ice beasts
  An elf simulacrum (Vaults:1)
  A dream sheep zombie (Crypt:1)
  29 orc warriors
  A human zombie (Vaults:4)
  3 ogres
  An ettin simulacrum (Vaults:5)
  10 centaurs
  3 sky beasts
  20 wolves
  4 boggarts (D:15)
  A lindwurm skeleton (Crypt:2)
  A manticore skeleton (Crypt:2)
  A blink frog zombie (Crypt:1)
  A slime creature simulacrum (IceCv)
  2 kobold brigands
  7 bullfrogs
  4 gnoll sergeants
  A fire crab zombie (Crypt:1)
  2 necrophages (Crypt:2)
  3 scorpions
  2 glowing shapeshifter simulacra (IceCv)
  2 earth elementals
  7 wyvern skeletons (Crypt:3)
  18 wights
  Dowan (D:7)
  A shapeshifter zombie (Crypt:1)
  A shapeshifter skeleton (Crypt:2)
  13 killer bees
  3 electric eels
  6 howler monkeys
  5 lava snakes (Lair:5)
  3 quasits (Abyss:3)
  A hound (D:4)
  24 orc priests
  Crazy Yiuf (D:3)
  3 iron imps
  2 jellies
  A gnoll bouda (D:7)
  A black bear skeleton (Crypt:2)
  Jessica (D:3)
  2 iguanas
  41 orc wizards
  3 shapeshifter simulacra (IceCv)
  7 hell rats (Hell)
  An ice beast zombie (Crypt:1)
  An ogre zombie (Crypt:2)
  A mummy (Crypt:3)
  Robin (D:3)
  6 adders
  24 gnolls
  A shadow imp (D:5)
  6 white imps
  2 ufetubi (Abyss:4)
  An iguana zombie (Crypt:2)
  A dart slug (shapeshifter) (D:13)
  78 orcs
  5 bats
  6 endoplasms
  6 giant cockroaches
  11 goblins
  9 hobgoblins
  4 jackals (D:1)
  4 quokkas
  6 ball pythons
  A frilled lizard (D:1)
  A frilled lizard skeleton (Crypt:2)
  22 kobolds
  5 rats
  A rat zombie (Crypt:2)
  9 starspawn tentacles
3622 creatures vanquished.

Vanquished Creatures (collateral kills)
  An ancient lich (Zot:5)
  An orb of fire (Zot:5)
  A Killer Klown (Zot:5)
  2 tentacled monstrosities (Vaults:5)
  4 Orb Guardians (Zot:5)
  A quicksilver dragon (Vaults:5)
  4 titans (Vaults:5)
  A storm dragon (Vaults:5)
  A tengu reaver (Vaults:5)
  A fire giant (Vaults:5)
  2 deep elf sorcerers (Vaults:5)
  2 draconian annihilators (Zot:5)
  A stone giant (Vaults:5)
  A white draconian (Zot:5)
  A black draconian (Zot:5)
  3 yaktaur captains (Vaults:5)
  2 vault guards (Vaults:5)
  A titan zombie (Vaults:5)
  3 ironbound convokers (Vaults:5)
  A black mamba (Snake:2)
  A vault sentinel (Vaults:5)
  A cane toad (Lair:3)
  A naga mage (Snake:2)
  A yaktaur (Vaults:5)
  A human skeleton (Vaults:5)
  A slime creature (IceCv)
  2 redbacks (Vaults:5)
  2 nagas (Snake:2)
  A slime creature simulacrum (IceCv)
  A glowing shapeshifter simulacrum (IceCv)
  A shapeshifter simulacrum (IceCv)
47 creatures vanquished.

Vanquished Creatures (others)
  2 ancient liches (Zot:5)
  A Killer Klown (Zot:5)
  3 tentacled monstrosities
  4 Orb Guardians (Zot:5)
  A titan (Vaults:5)
  An eldritch tentacle (Pan)
  A death cob (Zot:5)
  A shadow dragon (Vaults:5)
  A draconian monk (Zot:5)
  A fire giant (Vaults:5)
  2 deep elf sorcerers (Vaults:5)
  A vault warden (Vaults:5)
  An ironbound preserver (Vaults:5)
  A stone giant (Vaults:5)
  A yellow draconian (Zot:5)
  A deep elf death mage (Elf:3)
  2 deep elf high priests (Vaults:5)
  13 vault guards (Vaults:5)
  An alligator (Swamp:1)
  A deep troll earth mage (Vaults:5)
  A sun demon (Pan)
  A deep elf knight (Elf:2)
  An ironbound convoker (Vaults:5)
  A necromancer (Vaults:5)
  An ugly thing (D:12)
  2 smoke demons (Pan)
  A yaktaur (Vaults:5)
  A freezing wraith (Vaults:5)
  3 bloated husks
  A water elemental (Elf:2)
  A yak (D:12)
  A chaos spawn (Pan)
  2 electric eels (D:12)
  An orc priest (Elf:1)
  An orc (Elf:1)
  4 lurking horrors
  30 starspawn tentacles
93 creatures vanquished.

Grand Total: 3762 creatures vanquished

Table legend:
 A = Non-vault XP
 B = Vault XP
 C = Vault XP percentage of total XP
 D = Non-vault monster count
 E = Vault monster count
 F = Vault count percentage of total count
                 A         B        C        D         E       F
            +---------+---------+-------+---------+---------+-------
      Total | 1341775 |  931597 |  41.0 |    2469 |    1156 |  31.9
            +---------+---------+-------+---------+---------+-------
        D:1 |      51 |       0 |   0.0 |      30 |       0 |   0.0
        D:2 |      25 |       0 |   0.0 |       8 |       0 |   0.0
        D:3 |      39 |     104 |  72.7 |      15 |       9 |  37.5
        D:4 |     200 |       0 |   0.0 |      16 |       0 |   0.0
        D:5 |     598 |     123 |  17.1 |      19 |       2 |   9.5
        D:6 |    1094 |     155 |  12.4 |      22 |       3 |  12.0
        D:7 |    1227 |     622 |  33.6 |      35 |       3 |   7.9
        D:8 |    1953 |     823 |  29.6 |      28 |       4 |  12.5
        D:9 |    1601 |     554 |  25.7 |      26 |       1 |   3.7
       D:10 |    2213 |       8 |   0.4 |      23 |       6 |  20.7
       D:11 |    1753 |    2625 |  60.0 |       9 |       4 |  30.8
       D:12 |    3962 |    3188 |  44.6 |      16 |       7 |  30.4
       D:13 |    6562 |    8574 |  56.6 |      15 |      11 |  42.3
       D:14 |   10191 |   11437 |  52.9 |      19 |      16 |  45.7
       D:15 |   11150 |    1777 |  13.7 |      32 |       2 |   5.9
     Lair:1 |    5047 |    2418 |  32.4 |      23 |      10 |  30.3
     Lair:2 |   10369 |    5922 |  36.4 |      42 |      11 |  20.8
     Lair:3 |   16579 |    4320 |  20.7 |      42 |      10 |  19.2
     Lair:4 |    7887 |       0 |   0.0 |      22 |       0 |   0.0
     Lair:5 |   21640 |   14973 |  40.9 |      64 |      42 |  39.6
    Swamp:1 |   14585 |    4196 |  22.3 |      24 |       5 |  17.2
    Swamp:2 |   14483 |    6247 |  30.1 |      35 |       6 |  14.6
    Swamp:3 |    9103 |    7047 |  43.6 |      17 |      15 |  46.9
    Swamp:4 |   19199 |   19650 |  50.6 |      30 |      28 |  48.3
    Snake:1 |   22581 |    4158 |  15.6 |      47 |       8 |  14.5
    Snake:2 |    8303 |    1309 |  13.6 |      21 |       4 |  16.0
    Snake:3 |   13818 |    1617 |  10.5 |      29 |       3 |   9.4
    Snake:4 |   11086 |   26238 |  70.3 |      24 |      41 |  63.1
    Slime:1 |   20390 |       0 |   0.0 |      32 |       0 |   0.0
    Slime:2 |    8989 |       0 |   0.0 |      17 |       0 |   0.0
    Slime:3 |   20152 |       0 |   0.0 |      25 |       0 |   0.0
    Slime:4 |   12891 |    1313 |   9.2 |      31 |       1 |   3.1
    Slime:5 |   20366 |   25021 |  55.1 |      36 |      18 |  33.3
      Orc:1 |    2380 |     860 |  26.5 |      25 |       1 |   3.8
      Orc:2 |    2937 |   10423 |  78.0 |      30 |      65 |  68.4
      Elf:1 |   17819 |    7062 |  28.4 |      35 |      11 |  23.9
      Elf:2 |   14280 |   25505 |  64.1 |      25 |      34 |  57.6
      Elf:3 |   10326 |   26797 |  72.2 |      16 |      23 |  59.0
   Vaults:1 |   21930 |   28386 |  56.4 |      35 |      36 |  50.7
   Vaults:2 |   19478 |    8712 |  30.9 |      35 |      11 |  23.9
   Vaults:3 |   42452 |   34523 |  44.8 |      58 |      35 |  37.6
   Vaults:4 |   10618 |   22471 |  67.9 |      15 |      24 |  61.5
   Vaults:5 |   16669 |   94092 |  85.0 |      28 |      83 |  74.8
    Crypt:1 |   26052 |       0 |   0.0 |      37 |       0 |   0.0
    Crypt:2 |   18721 |   23191 |  55.3 |      34 |      20 |  37.0
    Crypt:3 |       0 |   67885 | 100.0 |       0 |      95 | 100.0
   Depths:1 |   21014 |    5399 |  20.4 |      27 |       5 |  15.6
   Depths:2 |   29354 |   47423 |  61.8 |      37 |      37 |  50.0
   Depths:3 |   11115 |   17231 |  60.8 |      13 |      17 |  56.7
   Depths:4 |   62088 |   19926 |  24.3 |      59 |      17 |  22.4
       Hell |   19584 |   19085 |  49.4 |      35 |      25 |  41.7
      Zot:1 |   34927 |   14569 |  29.4 |      32 |      10 |  23.8
      Zot:2 |   26269 |       0 |   0.0 |      19 |       0 |   0.0
      Zot:3 |   38422 |       0 |   0.0 |      22 |       0 |   0.0
      Zot:4 |   27716 |    5773 |  17.2 |      18 |       3 |  14.3
      Zot:5 |   11842 |   48096 |  80.2 |      13 |      24 |  64.9
    Abyss:1 |    8974 |       0 |   0.0 |      27 |       0 |   0.0
    Abyss:2 |    8552 |     640 |   7.0 |      16 |       1 |   5.9
    Abyss:3 |   78282 |    1208 |   1.5 |     204 |       2 |   1.0
    Abyss:4 |   43109 |   25825 |  37.5 |     108 |      68 |  38.6
    Abyss:5 |    4711 |       0 |   0.0 |      12 |       0 |   0.0
        Pan |  411599 |  198376 |  32.5 |     578 |     173 |  23.0
      IceCv |     468 |    5494 |  92.2 |       2 |      26 |  92.9
     WizLab |       0 |   12739 | 100.0 |       0 |      18 | 100.0
   Gauntlet |       0 |    5487 | 100.0 |       0 |      22 | 100.0
            +---------+---------+-------+---------+---------+-------

Skill      XL: |  1  2  3  4  5  6  7  8  9 10 11 12 13 14 15 16 17 18 19 20 21 22 23 24 25 26 27 |
---------------+----------------------------------------------------------------------------------+-----
Stealth        | 7 8 12 27 | 27.0
Unarmed Combat | 3 8 9 10 12 13 15 18 19 20 21 22 23 24 27 | 27.0
Fighting       | 4 8 9 10 12 13 15 16 18 19 20 21 22 23 24 27 | 27.0
Dodging        | 7 8 10 13 14 20 22 23 24 27 | 27.0
Shapeshifting  | 2 3 6 10 12 16 17 18 19 20 22 23 27 | 27.0
Evocations     | 4 5 8 |  8.0
Translocations | 4 6 10 12 14 15 21 | 21.0
Spellcasting   | 3 4 6 7 8 14 | 14.0
Air Magic      | 5 8 |  8.0
Transmutations | 4 |  4.0

Action                     |  1- 3 |  4- 6 |  7- 9 | 10-12 | 13-15 | 16-18 | 19-21 | 22-24 | 25-27 || total
---------------------------+-------+-------+-------+-------+-------+-------+-------+-------+-------++-------
  Melee: Unarmed           |   116 |    95 |   343 |   695 |  1127 |  1103 |   420 |  1258 |  4170 ||  9327
         Bite              |     9 |     9 |    34 |    13 |   143 |   151 |    71 |   196 |   516 ||  1142
         Punch             |     1 |     1 |    15 |     5 |   126 |   155 |    79 |   230 |   666 ||  1278
         Constrict         |       |       |       |   132 |    53 |       |       |       |       ||   185
         Maw               |       |       |       |       |   314 |   188 |       |       |       ||   502
         Tailslap          |       |       |       |       |       |    35 |       |       |       ||    35
   Cast: Passage of Golubr |       |       |       |       |       |     6 |       |       |     1 ||     7
         Lesser Beckoning  |       |       |       |       |       |       |       |    35 |    39 ||    74
         Manifold Assault  |       |       |       |       |       |       |       |       |   590 ||   590
         Vhi's Electric Ch |       |       |       |       |       |       |       |       |   156 ||   156
 Invoke: Call Merchant     |       |       |       |     1 |       |     2 |     1 |       |     2 ||     6
         Potion Petition   |       |       |       |       |     1 |     2 |       |     3 |    18 ||    24
         Bribe Branch      |       |       |       |       |       |       |       |     1 |     2 ||     3
Ability: Breathe Fire      |       |       |       |       |       |     2 |       |       |       ||     2
  Evoke: Wand              |     1 |       |       |     6 |     7 |     2 |     6 |       |    10 ||    32
         Sack of spiders   |       |       |       |       |     2 |     1 |       |       |     1 ||     4
         Phantom mirror    |       |       |       |       |       |       |       |       |     2 ||     2
    Use: Scroll            |       |    10 |     1 |    14 |     8 |     4 |     4 |     8 |    23 ||    72
         Potion            |       |     1 |     3 |     8 |     1 |     4 |     2 |     4 |    30 ||    53
   Stab: Distracted        |     1 |       |     1 |    11 |    14 |    16 |     7 |    34 |    85 ||   169
         Sleeping          |    14 |     9 |    17 |    20 |    10 |    32 |     7 |    30 |    23 ||   162
         Confused          |       |       |       |       |       |     1 |       |       |       ||     1
         Invisible         |       |       |       |       |       |       |       |     4 |     1 ||     5
 Armour: Skin              |    12 |    19 |    62 |   305 |   291 |   342 |   132 |   352 |  1029 ||  2544
  Dodge: Dodged            |    86 |    63 |   276 |   460 |   762 |  1333 |   494 |  1814 |  5111 || 10399
  Block: Other             |       |       |       |       |   123 |   226 |    59 |   244 |   804 ||  1456
         Reflection        |       |       |       |       |     5 |    21 |     1 |    15 |     8 ||    50
   Form: Anaconda          |       |       |       |     1 |       |       |       |       |       ||     1
         Maw               |       |       |       |       |     1 |     1 |       |       |       ||     2
                           |       |       |       |       |     1 |       |       |       |       ||     1
         Statue            |       |       |       |       |       |     2 |       |       |     2 ||     4
         Dragon            |       |       |       |       |       |     1 |       |       |     1 ||     2
         Death             |       |       |       |       |       |       |       |       |     1 ||     1

Illustrated notes

Table legend:
 A = Kills in this place as a percentage of kills in the entire game.
 B = Kills by you in this place as a percentage of kills by you in the entire game.
 C = Kills by friends in this place as a percentage of kills by friends in the entire game.
 D = Other kills in this place as a percentage of other kills in the entire game.
 E = Experience gained in this place as a percentage of experience gained in the entire game.
 F = Experience gained in this place divided by the number of levels of this place that you have seen.
                   A       B       C       D       E      F
               +-------+-------+-------+-------+-------+----------------------
         Total | 100.0 | 100.0 | 100.0 | 100.0 | 100.0 | 27266.5
       Dungeon |  10.7 |  10.9 |   0.0 |   0.0 |   3.5 | 5379.3
          Lair |   7.3 |   7.4 |   2.3 |   0.0 |   3.9 | 17831.0
         Swamp |   4.4 |   4.4 |   0.0 |   7.1 |   4.1 | 23627.5
     Snake Pit |   4.9 |   4.8 |   9.3 |   0.0 |   3.9 | 22277.5
    Slime Pits |   4.4 |   4.5 |   0.0 |   0.0 |   4.8 | 21824.4
  Orcish Mines |   3.3 |   3.4 |   0.0 |   0.0 |   0.7 | 8300.0
   Elven Halls |   4.0 |   4.0 |   0.0 |  14.3 |   4.4 | 33929.7
        Vaults |   9.9 |   9.2 |  58.1 |  35.7 |  13.1 | 59866.2
         Crypt |   5.1 |   5.2 |   0.0 |   0.0 |   5.9 | 45283.0
        Depths |   5.9 |   6.0 |   0.0 |   0.0 |   9.5 | 54328.8
          Hell |   1.6 |   1.7 |   0.0 |   0.0 |   1.7 | 38669.0
           Zot |   4.0 |   3.7 |  20.9 |  28.6 |   9.3 | 42556.0
         Abyss |  12.0 |  12.2 |   0.0 |   0.0 |   7.5 | 28550.2
   Pandemonium |  20.6 |  20.9 |   0.0 |  14.3 |  26.6 | 35880.9
      Ice Cave |   0.8 |   0.7 |   9.3 |   0.0 |   0.3 | 5962.0
        Wizlab |   0.5 |   0.5 |   0.0 |   0.0 |   0.6 | 12739.0
      Gauntlet |   0.6 |   0.6 |   0.0 |   0.0 |   0.2 | 5487.0
               +-------+-------+-------+-------+-------+----------------------

Table legend: (Time is in decaauts)
 A = Elapsed time spent in this place.
 B = Non-inter-level travel time spent in this place.
 C = Inter-level travel time spent in this place.
 D = Time resting spent in this place.
 E = Time spent auto-exploring this place.
 F = Levels seen in this place.
 G = Mean time per level.
                   A        B        C        D        E       F      G
               +--------+--------+--------+--------+--------+-----+--------+
         Total | 103757 |  92023 |  11734 |  10521 |  28871 |  84 | 1235.2 |
       Dungeon |  20901 |  17235 |   3666 |   2973 |   6379 |  15 | 1393.4 |
        Temple |     33 |     18 |     15 |      0 |      0 |   1 |   33.0 |
          Lair |   8907 |   7495 |   1412 |   1948 |   1398 |   5 | 1781.4 |
         Swamp |   4927 |   4586 |    341 |    815 |    928 |   4 | 1231.8 |
     Snake Pit |   5746 |   4782 |    964 |    556 |    790 |   4 | 1436.5 |
    Slime Pits |   3939 |   3554 |    385 |     56 |   1569 |   5 |  787.8 |
  Orcish Mines |   2776 |   2315 |    461 |    538 |    332 |   2 | 1388.0 |
   Elven Halls |   4867 |   4599 |    268 |    108 |   2794 |   3 | 1622.3 |
        Vaults |  12730 |  10713 |   2017 |    768 |   5175 |   5 | 2546.0 |
         Crypt |   5349 |   5059 |    290 |    180 |   3076 |   3 | 1783.0 |
        Depths |   8054 |   6698 |   1356 |    924 |   2962 |   4 | 2013.5 |
          Hell |    764 |    705 |     59 |     28 |     22 |   1 |  764.0 |
           Zot |   4628 |   4133 |    495 |    128 |   1404 |   5 |  925.6 |
         Abyss |   3076 |   3076 |      0 |     25 |    111 |   6 |  512.7 |
   Pandemonium |  15101 |  15101 |      0 |   1087 |   1876 |  17 |  888.3 |
         Trove |     62 |     62 |      0 |      0 |      0 |   1 |   62.0 |
      Ice Cave |    967 |    967 |      0 |    329 |      0 |   1 |  967.0 |
        Wizlab |    463 |    463 |      0 |     30 |      0 |   1 |  463.0 |
      Gauntlet |    458 |    458 |      0 |     22 |     51 |   1 |  458.0 |
               +--------+--------+--------+--------+--------+-----+--------+

Top non-repeatable levels by time:
Vaults:3: 3400 daAuts
Depths:2: 2842 daAuts
     D:8: 2680 daAuts
Depths:4: 2516 daAuts
Vaults:4: 2510 daAuts
 Crypt:3: 2504 daAuts
  Lair:5: 2451 daAuts
Vaults:1: 2427 daAuts
Vaults:5: 2375 daAuts
    D:15: 2279 daAuts
  Lair:2: 2067 daAuts
  Lair:1: 2021 daAuts
 Snake:4: 2021 daAuts
Vaults:2: 2015 daAuts
 Snake:1: 1890 daAuts
